Workbook
Name \s: #REF!
Name \s: #REF!
Name \s: #REF!
Name \s: #REF!
Name \s: #REF!
Name \s: #REF!
Name \t: #REF!
Name \t: #REF!
Name \t: #REF!
Name \t: #REF!
Name _\s: #REF!
Name _\t: #REF!
Name ____\t: #REF!
Name ______\s: #REF!
Name ______________FOG50: #REF!
Name ______________FOG50: #REF!
Name ______________FOG50: #REF!
Name ______________FOG50: #REF!
Name ______________FOG50: #REF!
Name ______________FOG50: #REF!
Name ______________PVC100: #REF!
Name ______________PVC100: #REF!
Name ______________PVC100: #REF!
Name ______________PVC100: #REF!
Name ______________PVC100: #REF!
Name ______________PVC150: #REF!
Name ______________PVC150: #REF!
Name ______________PVC150: #REF!
Name ______________PVC150: #REF!
Name ______________PVC150: #REF!
Name ______________PVC50: #REF!
Name ______________PVC50: #REF!
Name ______________PVC75: #REF!
Name ______________PVC75: #REF!
Name _____________FOG50: #REF!
Name _____________FOG50: #REF!
Name _____________PVC100: #REF!
Name _____________PVC100: #REF!
Name _____________PVC150: #REF!
Name _____________PVC150: #REF!
Name _____________PVC50: #REF!
Name _____________PVC50: #REF!
Name _____________PVC75: #REF!
Name _____________PVC75: #REF!
Name ____________FOG50: #REF!
Name ____________FOG50: #REF!
Name ____________PVC100: #REF!
Name ____________PVC100: #REF!
Name ____________PVC150: #REF!
Name ____________PVC150: #REF!
Name ____________PVC50: #REF!
Name ____________PVC50: #REF!
Name ____________PVC75: #REF!
Name ____________PVC75: #REF!
Name ___________FOG50: "#ref!"
Name ___________PVC100: "#ref!"
Name ___________PVC150: "#ref!"
Name ___________PVC50: "#ref!"
Name ___________PVC75: "#ref!"
Name ___________VBF1: "#ref!"

Sheet COMPOSIÇÃO BDI
A1: PREFEITURA MUNICIPAL DE VILA PAVÃO
B2: DETALHAMENTO DO BDI
A3: PROPONENTE: | B3: PREFEITURA MUNICIPAL DE VILA PAVÃO
A4: OBRA: | B4: EMEF ESTHER DA COSTA SANTOS
B5: Data: 25/01/2023
A7: 1. Regime de Contribuição Previdenciária
B9: Sem Desoneração
A11: 2. Tipo de Intervenção
B13: Edificações
A15: 3. Incidências sobre o custo
B17: Administração Central - AC | C17: 0.0326 | D17: %
B18: Riscos, Seguros e Garantias Contratuais - R+S+G | C18: 0.015 | D18: %
B19: Addministração Local - AL | C19: 0.0763 | D19: %
B20: Despesas e Encargos Financeiros - DF | C20: 0.0061 | D20: %
B22: Lucro - L | C22: 0.07 | D22: %
A24: 4 – Incidências sobre o preço de venda
B26: Despesas Tributárias - I | C26: =C27+C28+C29+C30 -> 0.0765 | D26: %
B27: ISS | C27: 0.04 | D27: %
B28: COFINS | C28: 0.03 | D28: %
B29: PIS | C29: 0.0065 | D29: %
B30: INSS | C30: 0 | D30: %
A32: 5 – Demonstrativo de cálculo do BDI
A34: BDI = [(1+(AC+S+R+G+DF+L+B+AL))/(1-I)-1]x100 | C34: 0.2993
B41: CARLOS RAPHAEL MONTEIRO DE LEMOS
B42: Engenheiro Civil- CREA-ES 011840/D
B43: ES-011840/D

Sheet COMPOSIÇÃO BDI DIFERENCIADO
A1: PREFEITURA MUNICIPAL DE VILA PAVÃO
B2: DETALHAMENTO DO BDI DIFERENCIADO
A3: PROPONENTE: | B3: PREFEITURA MUNICIPAL DE VILA PAVÃO
A4: OBRA: | B4: EMEF ESTHER DA COSTA SANTOS
B5: Data: 25/01/2023
A7: 1. Regime de Contribuição Previdenciária
B9: Sem Desoneração
A11: 2. Tipo de Intervenção
B13: Edificações
A15: 3. Incidências sobre o custo
B17: Administração Central - AC | C17: 0.04 | D17: %
B18: Riscos, Seguros e Garantias Contratuais - R+S+G | C18: 0.0133 | D18: %
B19: Addministração Local - AL | C19: 0 | D19: %
B20: Despesas e Encargos Financeiros - DF | C20: 0.0085 | D20: %
B22: Lucro - L | C22: 0.05 | D22: %
A24: 4 – Incidências sobre o preço de venda
B26: Despesas Tributárias - I | C26: =C27+C28+C29+C30 -> 0.0365 | D26: %
B27: ISS | C27: 0 | D27: %
B28: COFINS | C28: 0.03 | D28: %
B29: PIS | C29: 0.0065 | D29: %
B30: INSS | C30: 0 | D30: %
A32: 5 – Demonstrativo de cálculo do BDI
A34: BDI = [(1+(AC+S+R+G+DF+L+B+AL))/(1-I)-1]x100 | C34: 0.1557
B41: CARLOS RAPHAEL MONTEIRO DE LEMOS
B42: Engenheiro Civil- CREA-ES 011840/D
B43: ES-011840/D

Sheet PLANILHA RESUMO
A1: PREFEITURA MUNICIPAL DE VILA PAVÃO
A2: OBRA: EMEF ESTHER DA COSTA SANTOS | B2: DATA BASE: SINAPI OUTUBRO/2022 - DER-EDI OUTUBRO/2022 - DER-ROD JAN/2022 - SEINFRA PINI TCPO PINI OUTUBRO/2022 BDI: 29,93 % BDI DIFERENCIADO: 15,57 % L.S. NÃO-DESONERADAS: 157,27% | C2: CONTRATADA: ML ENGENHARIA E PROJETOS | D2: RESPONSÁVEL TÉCNICO: CARLOS RAPHAEL MONTEIRO DE LEMOS
A3: ITEM | B3: SERVIÇO | C3: TOTAL | D3: PESO
A6: 1 | B6: =VLOOKUP(A6,ORÇAMENTO!A:I,4,0) -> LICITAÇÃO
A8: 3 | B8: =VLOOKUP(A8,ORÇAMENTO!A:I,4,0) -> SERVIÇOS PRELIMINARES | C8: =ORÇAMENTO!I6 -> 139102.53 | D8: =C8/$C$44 -> 0.01271429
A10: 4 | B10: =VLOOKUP(A10,ORÇAMENTO!A:I,4,0) -> MOVIMENTAÇÃO DE TERRA | C10: =ORÇAMENTO!I14 -> 190961.05 | D10: =C10/$C$44 -> 0.017454278
A12: 5 | B12: =VLOOKUP(A12,ORÇAMENTO!A:I,4,0) -> ESTRUTURAL | C12: =ORÇAMENTO!I18 -> 4258983.3 | D12: =C12/$C$44 -> 0.38928084
A14: 6 | B14: =VLOOKUP(A14,ORÇAMENTO!A:I,4,0) -> PAREDES E PAINÉIS | C14: =ORÇAMENTO!I34 -> 435707.89 | D14: =C14/$C$44 -> 0.0398247
A16: 7 | B16: =VLOOKUP(A16,ORÇAMENTO!A:I,4,0) -> ESQUADRIAS DE MADEIRA | C16: =ORÇAMENTO!I38 -> 185660.27 | D16: =C16/$C$44 -> 0.016969775
A18: 8 | B18: =VLOOKUP(A18,ORÇAMENTO!A:I,4,0) -> ESQUADRIAS METÁLICAS | C18: =ORÇAMENTO!I50 -> 473058.19 | D18: =C18/$C$44 -> 0.043238604
A20: 9 | B20: =VLOOKUP(A20,ORÇAMENTO!A:I,4,0) -> VIDROS E ESPELHOS | C20: =ORÇAMENTO!I61 -> 149487.31 | D20: =C20/$C$44 -> 0.013663483
A22: 10 | B22: =VLOOKUP(A22,ORÇAMENTO!A:I,4,0) -> IMPERMEABILIZAÇÕES | C22: =ORÇAMENTO!I64 -> 295884.85 | D22: =C22/$C$44 -> 0.027044554
A24: 11 | B24: =VLOOKUP(A24,ORÇAMENTO!A:I,4,0) -> TETOS E FORROS | C24: =ORÇAMENTO!I68 -> 111504.99 | D24: =C24/$C$44 -> 0.010191812
A26: 12 | B26: =VLOOKUP(A26,ORÇAMENTO!A:I,4,0) -> REVESTIMENTOS | C26: =ORÇAMENTO!I70 -> 758176.37 | D26: =C26/$C$44 -> 0.06929906
A28: 13 | B28: =VLOOKUP(A28,ORÇAMENTO!A:I,4,0) -> PISOS INTERNOS E EXTERNOS | C28: =ORÇAMENTO!I78 -> 398694.7 | D28: =C28/$C$44 -> 0.03644161
A30: 14 | B30: =VLOOKUP(A30,ORÇAMENTO!A:I,4,0) -> INSTALAÇÃO HIDROSSANITÁRIAS | C30: =ORÇAMENTO!I90 -> 381263.74 | D30: =C30/$C$44 -> 0.03484838
A32: 15 | B32: =VLOOKUP(A32,ORÇAMENTO!A:I,4,0) -> INSTALAÇÕES ELÉTRICAS | C32: =ORÇAMENTO!I108 -> 706323.11 | D32: =C32/$C$44 -> 0.064559552
A34: 16 | B34: =VLOOKUP(A34,ORÇAMENTO!A:I,4,0) -> OUTRAS INSTALAÇÕES | C34: =ORÇAMENTO!I148 -> 1010060.1 | D34: =C34/$C$44 -> 0.09232181
A36: 17 | B36: =VLOOKUP(A36,ORÇAMENTO!A:I,4,0) -> APARELHOS HIDROSSANITÁRIOS | C36: =ORÇAMENTO!I181 -> 491958.38 | D36: =C36/$C$44 -> 0.044966124
A38: 18 | B38: =VLOOKUP(A38,ORÇAMENTO!A:I,4,0) -> APARELHOS ELÉTRICOS | C38: =ORÇAMENTO!I217 -> 196058.81 | D38: =C38/$C$44 -> 0.017920225
A40: 19 | B40: =VLOOKUP(A40,ORÇAMENTO!A:I,4,0) -> PINTURA | C40: =ORÇAMENTO!I229 -> 180400.8 | D40: =C40/$C$44 -> 0.016489047
A42: 20 | B42: =VLOOKUP(A42,ORÇAMENTO!A:I,4,0) -> SERVIÇOS COMPLEMENTARES EXTERNOS | C42: =ORÇAMENTO!I233 -> 577358.12 | D42: =C42/$C$44 -> 0.052771856
A44: VALOR GLOBAL DA EDIFICAÇÃO | C44: =SUM(C7:C43) -> 10940644 | D44: =SUM(D7:D43) -> 1
B50: CARLOS RAPHAEL MONTEIRO DE LEMOS
B51: Engenheiro Civil- CREA-ES 011840/D
B52: ES-011840/D

Sheet CRONOGRAMA
A1: PREFEITURA MUNICIPAL DE VILA PAVÃO
A2: OBRA: EMEF ESTHER DA COSTA SANTOS | C2: DATA BASE: SINAPI OUTUBRO/2022 - DER-EDI OUTUBRO/2022 - DER-ROD JAN/2022 - SEINFRA PINI TCPO PINI OUTUBRO/2022 BDI: 29,93 % BDI DIFERENCIADO: 15,57 % L.S. NÃO-DESONERADAS: 157,27% | G2: CONTRATADA: ML ENGENHARIA E PROJETOS | K2: RESPONSÁVEL TÉCNICO: CARLOS RAPHAEL MONTEIRO DE LEMOS
A3: ITEM | B3: SERVIÇO | C3: VALORES DO ITEM | E3: MÊS 01 | F3: MÊS 02 | G3: MÊS 03 | H3: MÊS 04 | I3: MÊS 05 | J3: MÊS 06 | K3: MÊS 07 | L3: MÊS 08 | M3: MÊS 09 | N3: MÊS 10 | O3: MÊS 11 | P3: MÊS 12
C4: R$ | D4: %
A5: 1 | B5: ='PLANILHA RESUMO'!B6 -> LICITAÇÃO | C5: ='PLANILHA RESUMO'!C6 -> 0 | D5: ='PLANILHA RESUMO'!D6 -> 0 | E5: =$C5*E6 -> 0 | F5: =$C5*F6 -> 0 | G5: =$C5*G6 -> 0 | H5: =$C5*H6 -> 0 | I5: =$C5*I6 -> 0 | J5: =$C5*J6 -> 0 | K5: =$C5*K6 -> 0 | L5: =$C5*L6 -> 0 | ... P5: =$C5*P6 -> 0 | Q5: =C5-(SUM(E5:P5)) -> 0
E6: 0 | F6: 0 | G6: 0 | H6: 0 | I6: 0 | J6: 0 | K6: 0 | L6: 0 | M6: 0 | N6: 0 | O6: 0 | P6: 0 | Q6: =SUM(E6:P6) -> 0
A7: 3 | B7: ='PLANILHA RESUMO'!B8 -> SERVIÇOS PRELIMINARES | C7: ='PLANILHA RESUMO'!C8 -> 139102.53 | D7: ='PLANILHA RESUMO'!D8 -> 0.01271429 | E7: =$C7*E8 -> 139102.53 | F7: =$C7*F8 -> 0 | G7: =$C7*G8 -> 0 | H7: =$C7*H8 -> 0 | I7: =$C7*I8 -> 0 | J7: =$C7*J8 -> 0 | K7: =$C7*K8 -> 0 | L7: =$C7*L8 -> 0 | ... P7: =$C7*P8 -> 0 | Q7: =C7-(SUM(E7:P7)) -> 0
E8: 1 | F8: 0 | G8: 0 | H8: 0 | I8: 0 | J8: 0 | K8: 0 | L8: 0 | M8: 0 | N8: 0 | O8: 0 | P8: 0 | Q8: =SUM(E8:P8) -> 1
A9: 4 | B9: ='PLANILHA RESUMO'!B10 -> MOVIMENTAÇÃO DE TERRA | C9: ='PLANILHA RESUMO'!C10 -> 190961.05 | D9: ='PLANILHA RESUMO'!D10 -> 0.017454278 | E9: =$C9*E10 -> 190961.05 | F9: =$C9*F10 -> 0 | G9: =$C9*G10 -> 0 | H9: =$C9*H10 -> 0 | I9: =$C9*I10 -> 0 | J9: =$C9*J10 -> 0 | K9: =$C9*K10 -> 0 | L9: =$C9*L10 -> 0 | ... P9: =$C9*P10 -> 0 | Q9: =C9-(SUM(E9:P9)) -> 0
E10: 1 | F10: 0 | G10: 0 | H10: 0 | I10: 0 | J10: 0 | K10: 0 | L10: 0 | M10: 0 | N10: 0 | O10: 0 | P10: 0 | Q10: =SUM(E10:P10) -> 1
A11: 5 | B11: ='PLANILHA RESUMO'!B12 -> ESTRUTURAL | C11: ='PLANILHA RESUMO'!C12 -> 4258983.3 | D11: ='PLANILHA RESUMO'!D12 -> 0.38928084 | E11: =$C11*E12 -> 0 | F11: =$C11*F12 -> 1064745.8 | G11: =$C11*G12 -> 1064745.8 | H11: =$C11*H12 -> 1064745.8 | I11: =$C11*I12 -> 1064745.8 | J11: =$C11*J12 -> 0 | K11: =$C11*K12 -> 0 | L11: =$C11*L12 -> 0 | ... P11: =$C11*P12 -> 0 | Q11: =C11-(SUM(E11:P11)) -> 0
E12: 0 | F12: 0.25 | G12: 0.25 | H12: 0.25 | I12: 0.25 | J12: 0 | K12: 0 | L12: 0 | M12: 0 | N12: 0 | O12: 0 | P12: 0 | Q12: =SUM(E12:P12) -> 1
A13: =A11+1 -> 6 | B13: ='PLANILHA RESUMO'!B14 -> PAREDES E PAINÉIS | C13: ='PLANILHA RESUMO'!C14 -> 435707.89 | D13: ='PLANILHA RESUMO'!D14 -> 0.0398247 | E13: =$C13*E14 -> 0 | F13: =$C13*F14 -> 0 | G13: =$C13*G14 -> 0 | H13: =$C13*H14 -> 108926.97 | I13: =$C13*I14 -> 108926.97 | J13: =$C13*J14 -> 108926.97 | K13: =$C13*K14 -> 108926.97 | L13: =$C13*L14 -> 0 | ... P13: =$C13*P14 -> 0 | Q13: =C13-(SUM(E13:P13)) -> 0
E14: 0 | F14: 0 | G14: 0 | H14: 0.25 | I14: 0.25 | J14: 0.25 | K14: 0.25 | L14: 0 | M14: 0 | N14: 0 | O14: 0 | P14: 0 | Q14: =SUM(E14:P14) -> 1
A15: 7 | B15: ='PLANILHA RESUMO'!B16 -> ESQUADRIAS DE MADEIRA | C15: ='PLANILHA RESUMO'!C16 -> 185660.27 | D15: ='PLANILHA RESUMO'!D16 -> 0.016969775 | E15: =$C15*E16 -> 0 | F15: =$C15*F16 -> 0 | G15: =$C15*G16 -> 0 | H15: =$C15*H16 -> 0 | I15: =$C15*I16 -> 0 | J15: =$C15*J16 -> 46415.069 | K15: =$C15*K16 -> 46415.069 | L15: =$C15*L16 -> 46415.069 | ... P15: =$C15*P16 -> 0 | Q15: =C15-(SUM(E15:P15)) -> 0
E16: 0 | F16: 0 | G16: 0 | H16: 0 | I16: 0 | J16: 0.25 | K16: 0.25 | L16: 0.25 | M16: 0.25 | N16: 0 | O16: 0 | P16: 0 | Q16: =SUM(E16:P16) -> 1
A17: 8 | B17: ='PLANILHA RESUMO'!B18 -> ESQUADRIAS METÁLICAS | C17: ='PLANILHA RESUMO'!C18 -> 473058.19 | D17: ='PLANILHA RESUMO'!D18 -> 0.043238604 | E17: =$C17*E18 -> 0 | F17: =$C17*F18 -> 0 | G17: =$C17*G18 -> 0 | H17: =$C17*H18 -> 0 | I17: =$C17*I18 -> 0 | J17: =$C17*J18 -> 236529.1 | K17: =$C17*K18 -> 236529.1 | L17: =$C17*L18 -> 0 | ... P17: =$C17*P18 -> 0 | Q17: =C17-(SUM(E17:P17)) -> 0
E18: 0 | F18: 0 | G18: 0 | H18: 0 | I18: 0 | J18: 0.5 | K18: 0.5 | L18: 0 | M18: 0 | N18: 0 | O18: 0 | P18: 0 | Q18: =SUM(E18:P18) -> 1
A19: 9 | B19: ='PLANILHA RESUMO'!B20 -> VIDROS E ESPELHOS | C19: ='PLANILHA RESUMO'!C20 -> 149487.31 | D19: ='PLANILHA RESUMO'!D20 -> 0.013663483 | E19: =$C19*E20 -> 0 | F19: =$C19*F20 -> 0 | G19: =$C19*G20 -> 0 | H19: =$C19*H20 -> 0 | I19: =$C19*I20 -> 0 | J19: =$C19*J20 -> 0 | K19: =$C19*K20 -> 0 | L19: =$C19*L20 -> 0 | ... P19: =$C19*P20 -> 0 | Q19: =C19-(SUM(E19:P19)) -> 0
E20: 0 | F20: 0 | G20: 0 | H20: 0 | I20: 0 | J20: 0 | K20: 0 | L20: 0 | M20: 0 | N20: 1 | O20: 0 | P20: 0 | Q20: =SUM(E20:P20) -> 1
A21: 10 | B21: ='PLANILHA RESUMO'!B22 -> IMPERMEABILIZAÇÕES | C21: ='PLANILHA RESUMO'!C22 -> 295884.85 | D21: ='PLANILHA RESUMO'!D22 -> 0.027044554 | E21: =$C21*E22 -> 0 | F21: =$C21*F22 -> 0 | G21: =$C21*G22 -> 0 | H21: =$C21*H22 -> 73971.211 | I21: =$C21*I22 -> 73971.211 | J21: =$C21*J22 -> 73971.211 | K21: =$C21*K22 -> 73971.211 | L21: =$C21*L22 -> 0 | ... P21: =$C21*P22 -> 0 | Q21: =C21-(SUM(E21:P21)) -> 0
E22: 0 | F22: 0 | G22: 0 | H22: 0.25 | I22: 0.25 | J22: 0.25 | K22: 0.25 | L22: 0 | M22: 0 | N22: 0 | O22: 0 | P22: 0 | Q22: =SUM(E22:P22) -> 1
A23: 11 | B23: ='PLANILHA RESUMO'!B24 -> TETOS E FORROS | C23: ='PLANILHA RESUMO'!C24 -> 111504.99 | D23: ='PLANILHA RESUMO'!D24 -> 0.010191812 | E23: =$C23*E24 -> 0 | F23: =$C23*F24 -> 0 | G23: =$C23*G24 -> 0 | H23: =$C23*H24 -> 0 | I23: =$C23*I24 -> 0 | J23: =$C23*J24 -> 0 | K23: =$C23*K24 -> 37164.613 | L23: =$C23*L24 -> 37164.613 | ... P23: =$C23*P24 -> 0 | Q23: =C23-(SUM(E23:P23)) -> 0
E24: 0 | F24: 0 | G24: 0 | H24: 0 | I24: 0 | J24: 0 | K24: 0.3333 | L24: 0.3333 | M24: 0.3334 | N24: 0 | O24: 0 | P24: 0 | Q24: =SUM(E24:P24) -> 1
A25: 12 | B25: ='PLANILHA RESUMO'!B26 -> REVESTIMENTOS | C25: ='PLANILHA RESUMO'!C26 -> 758176.37 | D25: ='PLANILHA RESUMO'!D26 -> 0.06929906 | E25: =$C25*E26 -> 0 | F25: =$C25*F26 -> 0 | G25: =$C25*G26 -> 0 | H25: =$C25*H26 -> 0 | I25: =$C25*I26 -> 0 | J25: =$C25*J26 -> 0 | K25: =$C25*K26 -> 189544.09 | L25: =$C25*L26 -> 189544.09 | ... P25: =$C25*P26 -> 0 | Q25: =C25-(SUM(E25:P25)) -> 0
E26: 0 | F26: 0 | G26: 0 | H26: 0 | I26: 0 | J26: 0 | K26: 0.25 | L26: 0.25 | M26: 0.25 | N26: 0.25 | O26: 0 | P26: 0 | Q26: =SUM(E26:P26) -> 1
A27: 13 | B27: ='PLANILHA RESUMO'!B28 -> PISOS INTERNOS E EXTERNOS | C27: ='PLANILHA RESUMO'!C28 -> 398694.7 | D27: ='PLANILHA RESUMO'!D28 -> 0.03644161 | E27: =$C27*E28 -> 0 | F27: =$C27*F28 -> 0 | G27: =$C27*G28 -> 0 | H27: =$C27*H28 -> 0 | I27: =$C27*I28 -> 0 | J27: =$C27*J28 -> 0 | K27: =$C27*K28 -> 99673.675 | L27: =$C27*L28 -> 99673.675 | ... P27: =$C27*P28 -> 0 | Q27: =C27-(SUM(E27:P27)) -> 0
E28: 0 | F28: 0 | G28: 0 | H28: 0 | I28: 0 | J28: 0 | K28: 0.25 | L28: 0.25 | M28: 0.25 | N28: 0.25 | O28: 0 | P28: 0 | Q28: =SUM(E28:P28) -> 1
A29: 14 | B29: ='PLANILHA RESUMO'!B30 -> INSTALAÇÃO HIDROSSANITÁRIAS | C29: ='PLANILHA RESUMO'!C30 -> 381263.74 | D29: ='PLANILHA RESUMO'!D30 -> 0.03484838 | E29: =$C29*E30 -> 0 | F29: =$C29*F30 -> 0 | G29: =$C29*G30 -> 76252.748 | H29: =$C29*H30 -> 76252.748 | I29: =$C29*I30 -> 76252.748 | J29: =$C29*J30 -> 76252.748 | K29: =$C29*K30 -> 76252.748 | L29: =$C29*L30 -> 0 | ... P29: =$C29*P30 -> 0 | Q29: =C29-(SUM(E29:P29)) -> 0
E30: 0 | F30: 0 | G30: 0.2 | H30: 0.2 | I30: 0.2 | J30: 0.2 | K30: 0.2 | L30: 0 | M30: 0 | N30: 0 | O30: 0 | P30: 0 | Q30: =SUM(E30:P30) -> 1
A31: 15 | B31: ='PLANILHA RESUMO'!B32 -> INSTALAÇÕES ELÉTRICAS | C31: ='PLANILHA RESUMO'!C32 -> 706323.11 | D31: ='PLANILHA RESUMO'!D32 -> 0.064559552 | E31: =$C31*E32 -> 0 | F31: =$C31*F32 -> 0 | G31: =$C31*G32 -> 141264.62 | H31: =$C31*H32 -> 141264.62 | I31: =$C31*I32 -> 141264.62 | J31: =$C31*J32 -> 141264.62 | K31: =$C31*K32 -> 141264.62 | L31: =$C31*L32 -> 0 | ... P31: =$C31*P32 -> 0 | Q31: =C31-(SUM(E31:P31)) -> 0
E32: 0 | F32: 0 | G32: 0.2 | H32: 0.2 | I32: 0.2 | J32: 0.2 | K32: 0.2 | L32: 0 | M32: 0 | N32: 0 | O32: 0 | P32: 0 | Q32: =SUM(E32:P32) -> 1
A33: 16 | B33: ='PLANILHA RESUMO'!B34 -> OUTRAS INSTALAÇÕES | C33: ='PLANILHA RESUMO'!C34 -> 1010060.1 | D33: ='PLANILHA RESUMO'!D34 -> 0.09232181 | E33: =$C33*E34 -> 0 | F33: =$C33*F34 -> 0 | G33: =$C33*G34 -> 0 | H33: =$C33*H34 -> 0 | I33: =$C33*I34 -> 0 | J33: =$C33*J34 -> 0 | K33: =$C33*K34 -> 252515.03 | L33: =$C33*L34 -> 252515.03 | ... P33: =$C33*P34 -> 0 | Q33: =C33-(SUM(E33:P33)) -> 0
E34: 0 | F34: 0 | G34: 0 | H34: 0 | I34: 0 | J34: 0 | K34: 0.25 | L34: 0.25 | M34: 0.25 | N34: 0.25 | O34: 0 | P34: 0 | Q34: =SUM(E34:P34) -> 1
A35: 17 | B35: ='PLANILHA RESUMO'!B36 -> APARELHOS HIDROSSANITÁRIOS | C35: ='PLANILHA RESUMO'!C36 -> 491958.38 | D35: ='PLANILHA RESUMO'!D36 -> 0.044966124 | E35: =$C35*E36 -> 0 | F35: =$C35*F36 -> 0 | G35: =$C35*G36 -> 0 | H35: =$C35*H36 -> 0 | I35: =$C35*I36 -> 0 | J35: =$C35*J36 -> 0 | K35: =$C35*K36 -> 0 | L35: =$C35*L36 -> 0 | ... P35: =$C35*P36 -> 164018.92 | Q35: =C35-(SUM(E35:P35)) -> 0
E36: 0 | F36: 0 | G36: 0 | H36: 0 | I36: 0 | J36: 0 | K36: 0 | L36: 0 | M36: 0 | N36: 0.3333 | O36: 0.3333 | P36: 0.3334 | Q36: =SUM(E36:P36) -> 1
A37: 18 | B37: ='PLANILHA RESUMO'!B38 -> APARELHOS ELÉTRICOS | C37: ='PLANILHA RESUMO'!C38 -> 196058.81 | D37: ='PLANILHA RESUMO'!D38 -> 0.017920225 | E37: =$C37*E38 -> 0 | F37: =$C37*F38 -> 0 | G37: =$C37*G38 -> 0 | H37: =$C37*H38 -> 0 | I37: =$C37*I38 -> 0 | J37: =$C37*J38 -> 0 | K37: =$C37*K38 -> 0 | L37: =$C37*L38 -> 0 | ... P37: =$C37*P38 -> 65366.008 | Q37: =C37-(SUM(E37:P37)) -> 0
E38: 0 | F38: 0 | G38: 0 | H38: 0 | I38: 0 | J38: 0 | K38: 0 | L38: 0 | M38: 0 | N38: 0.3333 | O38: 0.3333 | P38: 0.3334 | Q38: =SUM(E38:P38) -> 1
A39: 19 | B39: ='PLANILHA RESUMO'!B40 -> PINTURA | C39: ='PLANILHA RESUMO'!C40 -> 180400.8 | D39: ='PLANILHA RESUMO'!D40 -> 0.016489047 | E39: =$C39*E40 -> 0 | F39: =$C39*F40 -> 0 | G39: =$C39*G40 -> 0 | H39: =$C39*H40 -> 0 | I39: =$C39*I40 -> 0 | J39: =$C39*J40 -> 0 | K39: =$C39*K40 -> 0 | L39: =$C39*L40 -> 0 | ... P39: =$C39*P40 -> 60145.625 | Q39: =C39-(SUM(E39:P39)) -> 0
E40: 0 | F40: 0 | G40: 0 | H40: 0 | I40: 0 | J40: 0 | K40: 0 | L40: 0 | M40: 0 | N40: 0.3333 | O40: 0.3333 | P40: 0.3334 | Q40: =SUM(E40:P40) -> 1
A41: 20 | B41: ='PLANILHA RESUMO'!B42 -> SERVIÇOS COMPLEMENTARES EXTERNOS | C41: ='PLANILHA RESUMO'!C42 -> 577358.12 | D41: ='PLANILHA RESUMO'!D42 -> 0.052771856 | E41: =$C41*E42 -> 0 | F41: =$C41*F42 -> 0 | G41: =$C41*G42 -> 0 | H41: =$C41*H42 -> 0 | I41: =$C41*I42 -> 0 | J41: =$C41*J42 -> 0 | K41: =$C41*K42 -> 0 | L41: =$C41*L42 -> 0 | ... P41: =$C41*P42 -> 192491.2 | Q41: =C41-(SUM(E41:P41)) -> 0
E42: 0 | F42: 0 | G42: 0 | H42: 0 | I42: 0 | J42: 0 | K42: 0 | L42: 0 | M42: 0 | N42: 0.3333 | O42: 0.3333 | P42: 0.3334 | Q42: =SUM(E42:P42) -> 1
B43: TOTAL COM BDI | C43: =SUM(C5:C42) -> 10940644 | D43: =SUM(D5:D42) -> 1 | Q43: =SUM(E43:P43) -> 0
A44: VALOR DO SERVIÇO EXECUTADO NO MÊS | D44: R$ | E44: =E41+E39+E37+E35+E33+E31+E29+E27+E25+E23+E21+E19+E17+E15+E13+E11+E9+E7+E5 -> 330063.58 | F44: =F41+F39+F37+F35+F33+F31+F29+F27+F25+F23+F21+F19+F17+F15+F13+F11+F9+F7+F5 -> 1064745.8 | G44: =G41+G39+G37+G35+G33+G31+G29+G27+G25+G23+G21+G19+G17+G15+G13+G11+G9+G7+G5 -> 1282263.2 | H44: =H41+H39+H37+H35+H33+H31+H29+H27+H25+H23+H21+H19+H17+H15+H13+H11+H9+H7+H5 -> 1465161.4 | I44: =I41+I39+I37+I35+I33+I31+I29+I27+I25+I23+I21+I19+I17+I15+I13+I11+I9+I7+I5 -> 1465161.4 | J44: =J41+J39+J37+J35+J33+J31+J29+J27+J25+J23+J21+J19+J17+J15+J13+J11+J9+J7+J5 -> 683359.72 | K44: =K41+K39+K37+K35+K33+K31+K29+K27+K25+K23+K21+K19+K17+K15+K13+K11+K9+K7+K5 -> 1262257.1 | L44: =L41+L39+L37+L35+L33+L31+L29+L27+L25+L23+L21+L19+L17+L15+L13+L11+L9+L7+L5 -> 625312.48 | ... P44: =P41+P39+P37+P35+P33+P31+P29+P27+P25+P23+P21+P19+P17+P15+P13+P11+P9+P7+P5 -> 482021.75 | Q44: =C43-(SUM(E44:P44)) -> 0
A45: PORCENTAGEM | D45: % | E45: =E44/$C$43 -> 0.030168568 | F45: =F44/$C$43 -> 0.09732021 | G45: =G44/$C$43 -> 0.1172018 | H45: =H44/$C$43 -> 0.13391911 | I45: =I44/$C$43 -> 0.13391911 | J45: =J44/$C$43 -> 0.062460645 | K45: =K44/$C$43 -> 0.1153732 | L45: =L44/$C$43 -> 0.057154995 | ... P45: =P44/$C$43 -> 0.044057894 | Q45: =SUM(E45:P45) -> 1
A46: VALOR ACUMULADO DOS SERVIÇOS EXECUTADOS | D46: R$ | E46: =E44 -> 330063.58 | F46: =E46+F44 -> 1394809.4 | G46: =F46+G44 -> 2677072.6 | H46: =G46+H44 -> 4142234 | I46: =H46+I44 -> 5607395.3 | J46: =I46+J44 -> 6290755.1 | K46: =J46+K44 -> 7553012.2 | L46: =K46+L44 -> 8178324.7 | M46: =L46+M44 -> 8803648.3 | ... P46: =O46+P44 -> 10940644
A47: PORCENTAGEM ACUMULADO | D47: % | E47: =E46/$C$43 -> 0.030168568 | F47: =F46/$C$43 -> 0.12748878 | G47: =G46/$C$43 -> 0.24469058 | H47: =H46/$C$43 -> 0.37860969 | I47: =I46/$C$43 -> 0.5125288 | J47: =J46/$C$43 -> 0.57498944 | K47: =K46/$C$43 -> 0.69036264 | L47: =L46/$C$43 -> 0.74751763 | ... P47: =P46/$C$43 -> 1
C52: CARLOS RAPHAEL MONTEIRO DE LEMOS
C53: Engenheiro Civil- CREA-ES 011840/D
C54: ES-011840/D

Sheet ORÇAMENTO
A1: PREFEITURA MUNICIPAL DE VILA PAVÃO
A2: OBRA: EMEF ESTHER DA COSTA SANTOS | D2: DATA BASE: SINAPI OUTUBRO/2022 - DER-EDI OUTUBRO/2022 - DER-ROD JAN/2022 - SEINFRA PINI TCPO PINI OUTUBRO/2022 BDI: 29,93 % BDI DIFERENCIADO: 15,57 % L.S. NÃO-DESONERADAS: 157,27% | E2: CONTRATADA: ML ENGENHARIA E PROJETOS | H2: RESPONSÁVEL TÉCNICO: CARLOS RAPHAEL MONTEIRO DE LEMOS
A3: ITEM | B3: ÓRGÃO | C3: CÓDIGO | D3: DESCRIÇÃO SERVIÇO | E3: UNID | F3: QUANT. | H3: PREÇOS R$
G4: UNIT. S/ BDI | H4: UNIT. C/ BDI | I4: TOTAL
A5: 1 | D5: LICITAÇÃO | K5: =UPPER(D5) -> LICITAÇÃO
A6: 3 | D6: SERVIÇOS PRELIMINARES | I6: =SUM(I7:I13) -> 139102.53 | K6: =UPPER(D6) -> SERVIÇOS PRELIMINARES
A7: 3.1 | B7: LABOR | C7: 020305 | D7: PLACA DE OBRA NAS DIMENSÕES DE 2.0 X 4.0 M, PADRÃO DER | E7: M2 | F7: ='MEMORIA DE CÁLCULO'!J5 -> 8 | G7: 242.13 | H7: =G7*J7 -> 314.59951 | I7: =ROUND(F7*H7,2) -> 2516.8 | J7: 1.2993 | K7: =UPPER(D7) -> PLACA DE OBRA NAS DIMENSÕES DE 2.0 X 4.0 M, PADRÃO DER
A8: 3.2 | B8: LABOR | C8: 20701 | D8: BARRACÃO PARA ESCRITÓRIO COM SANITÁRIO ÁREA DE 14.50 M2, DE CHAPA DE COMPENS. 12MM E PONTALETE 8X8CM, PISO CIMENTADO E COBERTURA DE TELHA DE FIBROC. 6MM, INCL. PONTO DE LUZ E CX. DE INSPEÇÃO, CONF. PROJETO (1 UTILIZAÇÃO) | E8: M2 | F8: ='MEMORIA DE CÁLCULO'!J6 -> 8 | G8: 836.37 | H8: =G8*J8 -> 1086.6955 | I8: =ROUND(F8*H8,2) -> 8693.56 | J8: 1.2993 | K8: =UPPER(D8) -> BARRACÃO PARA ESCRITÓRIO COM SANITÁRIO ÁREA DE 14.50 M2, DE CHAPA DE COMPENS. 12MM E PONTALETE 8X8CM, PISO CIMENTADO E COBERTURA DE TELHA DE FIBROC. 6MM, INCL. PONTO DE LUZ E CX. DE INSPEÇÃO, CONF. PROJETO (1 UTILIZAÇÃO)
A9: 3.3 | B9: LABOR | C9: 20702 | D9: BARRACÃO PARA ALMOXARIFADO ÁREA DE 10.90M2, DE CHAPA DE COMPENSADO DE 12MM E PONTALETE 8X8CM, PISO CIMENTADO E COBERTURA DE TELHAS DE FIBROCIMENTO DE 6MM, INCL. PONTO DE LUZ, CONF. PROJETO (1 UTILIZAÇÃO) | E9: M2 | F9: ='MEMORIA DE CÁLCULO'!J7 -> 8 | G9: 616.62 | H9: =G9*J9 -> 801.17437 | I9: =ROUND(F9*H9,2) -> 6409.39 | J9: 1.2993 | K9: =UPPER(D9) -> BARRACÃO PARA ALMOXARIFADO ÁREA DE 10.90M2, DE CHAPA DE COMPENSADO DE 12MM E PONTALETE 8X8CM, PISO CIMENTADO E COBERTURA DE TELHAS DE FIBROCIMENTO DE 6MM, INCL. PONTO DE LUZ, CONF. PROJETO (1 UTILIZAÇÃO)
A10: 3.4 | B10: LABOR | C10: 20713 | D10: REDE DE LUZ, INCL. PADRÃO ENTRADA DE ENERGIA TRIFÁS., CABO DE LIGAÇÃO ATÉ BARRACÕES, QUADRO DE DISTRIB., DISJ. E CHAVE DE FORÇA (QUANDO NECESSÁRIO), CONS. 20M ENTRE PADRÃO ENTRADA E QDG, CONF. PROJETO (1 UTILIZAÇÃO | E10: M | F10: ='MEMORIA DE CÁLCULO'!J8 -> 20 | G10: 494.19 | H10: =G10*J10 -> 642.10107 | I10: =ROUND(F10*H10,2) -> 12842.02 | J10: 1.2993 | K10: =UPPER(D10) -> REDE DE LUZ, INCL. PADRÃO ENTRADA DE ENERGIA TRIFÁS., CABO DE LIGAÇÃO ATÉ BARRACÕES, QUADRO DE DISTRIB., DISJ. E CHAVE DE FORÇA (QUANDO NECESSÁRIO), CONS. 20M ENTRE PADRÃO ENTRADA E QDG, CONF. PROJETO (1 UTILIZAÇÃO
A11: 3.5 | B11: LABOR | C11: 140201 | D11: PADRÃO DE ENTRADA D' ÁGUA COM CAVALETE DE PVC PARA HIDRÔMETRO COM DIÂMETRO DE 3/4" - PADRÃO 1C DA CESAN. INSTALADO EM VÃO DE MURO PROTEGIDO COM GRADEAMENTO. INCLUSIVE BASE DE CONCRETO MAGRO, TUBULAÇÃO, CONEXÕES E REGISTRO. CONFERIR DETALHE. | E11: UNIDADE | F11: ='MEMORIA DE CÁLCULO'!J9 -> 1 | G11: 416.49 | H11: =G11*J11 -> 541.14546 | I11: =ROUND(F11*H11,2) -> 541.15 | J11: 1.2993 | K11: =UPPER(D11) -> PADRÃO DE ENTRADA D' ÁGUA COM CAVALETE DE PVC PARA HIDRÔMETRO COM DIÂMETRO DE 3/4" - PADRÃO 1C DA CESAN. INSTALADO EM VÃO DE MURO PROTEGIDO COM GRADEAMENTO. INCLUSIVE BASE DE CONCRETO MAGRO, TUBULAÇÃO, CONEXÕES E REGISTRO. CONFERIR DETALHE.
A12: 3.6 | B12: LABOR | C12: 20350 | D12: TAPUME TELHA METÁLICA ONDULADA EM AÇO GALVALUME 0,50MM BRANCA H=2,20M, INCL. MONTAGEM ESTR. MAD. 8"X8", C/ADESIVO "DER-ES" 60X60CM A CADA 10M, INCL. FAIXAS PINT. ESMALTE SINT. CORES AZUL C/ H=30CM E ROSA C/ H=10CM (REAPROVEITAMENTO 2X) | E12: M | F12: ='MEMORIA DE CÁLCULO'!J10 -> 321.35 | G12: 205.45 | H12: =G12*J12 -> 266.94118 | I12: =ROUND(F12*H12,2) -> 85781.55 | J12: 1.2993 | K12: =UPPER(D12) -> TAPUME TELHA METÁLICA ONDULADA EM AÇO GALVALUME 0,50MM BRANCA H=2,20M, INCL. MONTAGEM ESTR. MAD. 8"X8", C/ADESIVO "DER-ES" 60X60CM A CADA 10M, INCL. FAIXAS PINT. ESMALTE SINT. CORES AZUL C/ H=30CM E ROSA C/ H=10CM (REAPROVEITAMENTO 2X)
A13: 3.7 | B13: SINAPI | C13: 99059 | D13: 'LOCACAO CONVENCIONAL DE OBRA, UTILIZANDO GABARITO DE TÁBUAS CORRIDAS PONTALETADAS A CADA 2,00M - 2 UTILIZAÇÕES. AF_10/2018 | E13: M | F13: ='MEMORIA DE CÁLCULO'!J16 -> 274.7 | G13: 62.53 | H13: =G13*J13 -> 81.245229 | I13: =ROUND(F13*H13,2) -> 22318.06 | J13: 1.2993 | K13: =UPPER(D13) -> 'LOCACAO CONVENCIONAL DE OBRA, UTILIZANDO GABARITO DE TÁBUAS CORRIDAS PONTALETADAS A CADA 2,00M - 2 UTILIZAÇÕES. AF_10/2018
A14: 4 | D14: MOVIMENTAÇÃO DE TERRA | I14: =SUM(I15:I17) -> 190961.05 | K14: =UPPER(D14) -> MOVIMENTAÇÃO DE TERRA
A15: 4.1 | B15: SINAPI | C15: 96385 | D15: EXECUÇÃO E COMPACTAÇÃO DE ATERRO COM SOLO PREDOMINANTEMENTE ARGILOSO EXCLUSIVE SOLO, ESCAVAÇÃO, CARGA E TRANSPORTE. AF_11/2019 | E15: M3 | F15: ='MEMORIA DE CÁLCULO'!J19 -> 6027.5 | G15: 10.96 | H15: =G15*J15 -> 14.240328 | I15: =ROUND(F15*H15,2) -> 85833.58 | J15: 1.2993 | K15: =UPPER(D15) -> EXECUÇÃO E COMPACTAÇÃO DE ATERRO COM SOLO PREDOMINANTEMENTE ARGILOSO EXCLUSIVE SOLO, ESCAVAÇÃO, CARGA E TRANSPORTE. AF_11/2019
A16: 4.2 | B16: LABOR | C16: 30103 | D16: ESCAVAÇÃO MECÂNICA EM MATERIAL DE 1A. CATEGORIA | E16: m³ | F16: ='MEMORIA DE CÁLCULO'!J21 -> 2236.5475 | G16: 12.93 | H16: =G16*J16 -> 16.799949 | I16: =ROUND(F16*H16,2) -> 37573.88 | J16: 1.2993 | K16: =UPPER(D16) -> ESCAVAÇÃO MECÂNICA EM MATERIAL DE 1A. CATEGORIA
A17: 4.3 | B17: SINAPI | C17: 93382 | D17: REATERRO MANUAL DE VALAS COM COMPACTAÇÃO MECANIZADA. AF_04/2016 | E17: M3 | F17: ='MEMORIA DE CÁLCULO'!J29 -> 1623.2375 | G17: 32.03 | H17: =G17*J17 -> 41.616579 | I17: =ROUND(F17*H17,2) -> 67553.59 | J17: 1.2993 | K17: =UPPER(D17) -> REATERRO MANUAL DE VALAS COM COMPACTAÇÃO MECANIZADA. AF_04/2016
A18: 5 | D18: ESTRUTURAL | I18: =I19+I27 -> 4258983.3 | K18: =UPPER(D18) -> ESTRUTURAL
A19: 5.1 | D19: FUNDAÇÕES | I19: =SUM(I20:I26) -> 2065866.5 | K19: =UPPER(D19) -> FUNDAÇÕES
A20: 5.1.1 | B20: LABOR | C20: 40231 | D20: FORNECIMENTO, PREPARO E APLICAÇÃO DE CONCRETO MAGRO COM CONSUMO MÍNIMO DE CIMENTO DE 250 KG/M3 (BRITA 1 E 2) - (5% DE PERDAS JÁ INCLUÍDO NO CUSTO) | E20: M3 | F20: ='MEMORIA DE CÁLCULO'!J36 -> 176.71 | G20: 677.48 | H20: =G20*J20 -> 880.24976 | I20: =ROUND(F20*H20,2) -> 155548.94 | J20: 1.2993 | K20: =UPPER(D20) -> FORNECIMENTO, PREPARO E APLICAÇÃO DE CONCRETO MAGRO COM CONSUMO MÍNIMO DE CIMENTO DE 250 KG/M3 (BRITA 1 E 2) - (5% DE PERDAS JÁ INCLUÍDO NO CUSTO)
A21: 5.1.2 | B21: LABOR | C21: 40253 | D21: FORNECIMENTO E APLICAÇÃO DE CONCRETO USINADO FCK=30 MPA - CONSIDERANDO LANÇAMENTO MANUAL PARA INFRA-ESTRUTURA (5% DE PERDAS JÁ INCLUÍDO NO CUSTO) | E21: M3 | F21: ='MEMORIA DE CÁLCULO'!J45 -> 570.95 | G21: 708.4 | H21: =G21*J21 -> 920.42412 | I21: =ROUND(F21*H21,2) -> 525516.15 | J21: 1.2993 | K21: =UPPER(D21) -> FORNECIMENTO E APLICAÇÃO DE CONCRETO USINADO FCK=30 MPA - CONSIDERANDO LANÇAMENTO MANUAL PARA INFRA-ESTRUTURA (5% DE PERDAS JÁ INCLUÍDO NO CUSTO)
A22: 5.1.3 | B22: LABOR | C22: 40206 | D22: FÔRMA DE TÁBUA DE MADEIRA DE 2.5 X 30.0 CM PARA FUNDAÇÕES, LEVANDO-SE EM CONTA A UTILIZAÇÃO 5 VEZES (INCLUIDO O MATERIAL, CORTE, MONTAGEM, ESCORAMENTO E DESFORMA) | E22: M2 | F22: ='MEMORIA DE CÁLCULO'!J54 -> 2642.77 | G22: 78.05 | H22: =G22*J22 -> 101.41036 | I22: =ROUND(F22*H22,2) -> 268004.27 | J22: 1.2993 | K22: =UPPER(D22) -> FÔRMA DE TÁBUA DE MADEIRA DE 2.5 X 30.0 CM PARA FUNDAÇÕES, LEVANDO-SE EM CONTA A UTILIZAÇÃO 5 VEZES (INCLUIDO O MATERIAL, CORTE, MONTAGEM, ESCORAMENTO E DESFORMA)
A23: 5.1.4 | B23: LABOR | C23: 040246 | D23: FORNECIMENTO, DOBRAGEM E COLOCAÇÃO EM FÔRMA, DE ARMADURA CA-60 B FINA, DIÂMETRO DE 4.0 A 7.0MM | E23: KG | F23: ='MEMORIA DE CÁLCULO'!J63 -> 9454 | G23: 11.95 | H23: =G23*J23 -> 15.526635 | I23: =ROUND(F23*H23,2) -> 146788.81 | J23: 1.2993 | K23: =UPPER(D23) -> FORNECIMENTO, DOBRAGEM E COLOCAÇÃO EM FÔRMA, DE ARMADURA CA-60 B FINA, DIÂMETRO DE 4.0 A 7.0MM
A24: 5.1.5 | B24: LABOR | C24: 040243 | D24: FORNECIMENTO, DOBRAGEM E COLOCAÇÃO EM FÔRMA, DE ARMADURA CA-50 A MÉDIA, DIÂMETRO DE 6.3 A 10.0 MM | E24: KG | F24: ='MEMORIA DE CÁLCULO'!J67 -> 8429 | G24: 11.65 | H24: =G24*J24 -> 15.136845 | I24: =ROUND(F24*H24,2) -> 127588.47 | J24: 1.2993 | K24: =UPPER(D24) -> FORNECIMENTO, DOBRAGEM E COLOCAÇÃO EM FÔRMA, DE ARMADURA CA-50 A MÉDIA, DIÂMETRO DE 6.3 A 10.0 MM
A25: 5.1.6 | B25: LABOR | C25: 040245 | D25: FORNECIMENTO, DOBRAGEM E COLOCAÇÃO EM FÔRMA, DE ARMADURA CA-50 A GROSSA, DIÂMETRO DE 12.5 A 25.0MM | E25: KG | F25: ='MEMORIA DE CÁLCULO'!J72 -> 17660 | G25: 12.08 | H25: =G25*J25 -> 15.695544 | I25: =ROUND(F25*H25,2) -> 277183.31 | J25: 1.2993 | K25: =UPPER(D25) -> FORNECIMENTO, DOBRAGEM E COLOCAÇÃO EM FÔRMA, DE ARMADURA CA-50 A GROSSA, DIÂMETRO DE 12.5 A 25.0MM
A26: 5.1.7 | B26: 3R 33 33 37 00 00 00 00 15 PINI | C26: COMPOSIÇÃO 01 | D26: GABIÃO COM TELA DE ARAME GALVANIZADO, FIO 2,7MM, MALHA HEXAGONAL 8 X 10CM, TIPO CAIXA | E26: M | F26: ='MEMORIA DE CÁLCULO'!J78 -> 113.92 | G26: ='COMPOSIÇÃO DE CUSTO'!F12 -> 3818.7462 | H26: =G26*J26 -> 4961.6969 | I26: =ROUND(F26*H26,2) -> 565236.52 | J26: 1.2993 | K26: =UPPER(D26) -> GABIÃO COM TELA DE ARAME GALVANIZADO, FIO 2,7MM, MALHA HEXAGONAL 8 X 10CM, TIPO CAIXA
A27: 5.2 | D27: SUPER-ESTRUTURA | I27: =SUM(I28:I33) -> 2193116.8 | K27: =UPPER(D27) -> SUPER-ESTRUTURA
A28: 5.2.1 | B28: LABOR | C28: 40331 | D28: FORNECIMENTO E APLICAÇÃO DE CONCRETO USINADO FCK=30 MPA - CONSIDERANDO BOMBEAMENTO (5% DE PERDAS JÁ INCLUÍDO NO CUSTO) (6% DE TAXA P/ CONCR. BOMBEAVEL) | E28: M3 | F28: ='MEMORIA DE CÁLCULO'!J81 -> 504.7 | G28: 669.7 | H28: =G28*J28 -> 870.14121 | I28: =ROUND(F28*H28,2) -> 439160.27 | J28: 1.2993 | K28: =UPPER(D28) -> FORNECIMENTO E APLICAÇÃO DE CONCRETO USINADO FCK=30 MPA - CONSIDERANDO BOMBEAMENTO (5% DE PERDAS JÁ INCLUÍDO NO CUSTO) (6% DE TAXA P/ CONCR. BOMBEAVEL)
A29: 5.2.2 | B29: LABOR | C29: 40337 | D29: FÔRMA EM CHAPA DE MADEIRA COMPENSADA PLASTIFICADA 12MM PARA ESTRUTURA EM GERAL, 5 REAPROVEITAMENTOS, REFORÇADA COM SARRAFOS DE MADEIRA 2.5X10CM (INCL MATERIAL, CORTE, MONTAGEM, ESCORAS EM EUCALIPTO E DESFORMA) | E29: M2 | F29: ='MEMORIA DE CÁLCULO'!J85 -> 2785.6 | G29: 98.69 | H29: =G29*J29 -> 128.22792 | I29: =ROUND(F29*H29,2) -> 357191.69 | J29: 1.2993 | K29: =UPPER(D29) -> FÔRMA EM CHAPA DE MADEIRA COMPENSADA PLASTIFICADA 12MM PARA ESTRUTURA EM GERAL, 5 REAPROVEITAMENTOS, REFORÇADA COM SARRAFOS DE MADEIRA 2.5X10CM (INCL MATERIAL, CORTE, MONTAGEM, ESCORAS EM EUCALIPTO E DESFORMA)
A30: 5.2.3 | B30: LABOR | C30: 40333 | D30: FORNECIMENTO, DOBRAGEM E COLOCAÇÃO EM FÔRMA, DE ARMADURA CA-60 B FINA, DIÂMETRO DE 4.0 A 7.0MM | E30: KG | F30: ='MEMORIA DE CÁLCULO'!J89 -> 1023 | G30: 11.95 | H30: =G30*J30 -> 15.526635 | I30: =ROUND(F30*H30,2) -> 15883.75 | J30: 1.2993 | K30: =UPPER(D30) -> FORNECIMENTO, DOBRAGEM E COLOCAÇÃO EM FÔRMA, DE ARMADURA CA-60 B FINA, DIÂMETRO DE 4.0 A 7.0MM
A31: 5.2.4 | B31: LABOR | C31: 040328 | D31: FORNECIMENTO, DOBRAGEM E COLOCAÇÃO EM FÔRMA, DE ARMADURA CA-50 A MÉDIA, DIÂMETRO DE 6.3 A 10.0 MM | E31: KG | F31: ='MEMORIA DE CÁLCULO'!J91 -> 28397 | G31: 11.65 | H31: =G31*J31 -> 15.136845 | I31: =ROUND(F31*H31,2) -> 429840.99 | J31: 1.2993 | K31: =UPPER(D31) -> FORNECIMENTO, DOBRAGEM E COLOCAÇÃO EM FÔRMA, DE ARMADURA CA-50 A MÉDIA, DIÂMETRO DE 6.3 A 10.0 MM
A32: 5.2.5 | B32: LABOR | C32: 040332 | D32: FORNECIMENTO, DOBRAGEM E COLOCAÇÃO EM FÔRMA, DE ARMADURA CA-50 A GROSSA, DIÂMETRO DE 12.5 A 25.0MM | E32: KG | F32: ='MEMORIA DE CÁLCULO'!J94 -> 32498 | G32: 12.08 | H32: =G32*J32 -> 15.695544 | I32: =ROUND(F32*H32,2) -> 510073.79 | J32: 1.2993 | K32: =UPPER(D32) -> FORNECIMENTO, DOBRAGEM E COLOCAÇÃO EM FÔRMA, DE ARMADURA CA-50 A GROSSA, DIÂMETRO DE 12.5 A 25.0MM
A33: 5.2.6 | B33: ADAPTADO SEDOP ED-050771 | C33: COMPOSIÇÃO 02 | D33: LAJE PRÉ-MOLDADA, A REVESTIR, INCLUSIVE CAPEAMENTO E = 4 CM, SC = 200 KG/M2, L = 8,00 M | E33: M2 | F33: ='MEMORIA DE CÁLCULO'!J97 -> 2653.85 | G33: ='COMPOSIÇÃO DE CUSTO'!F20 -> 127.885 | H33: =G33*J33 -> 166.16098 | I33: =ROUND(F33*H33,2) -> 440966.32 | J33: 1.2993 | K33: =UPPER(D33) -> LAJE PRÉ-MOLDADA, A REVESTIR, INCLUSIVE CAPEAMENTO E = 4 CM, SC = 200 KG/M2, L = 8,00 M
A34: 6 | D34: PAREDES E PAINÉIS | I34: =SUM(I35:I37) -> 435707.89 | K34: =UPPER(D34) -> PAREDES E PAINÉIS
A35: 6.1 | B35: LABOR | C35: 50602 | D35: ALVENARIA DE BLOCOS DE CONCRETO 14X19X39CM, C/ RESIST. MÍNIMO A COMPRES. 2.5 MPA, ASSENT. C/ ARG. DE CIMENTO, CAL HIDRATADA CH1 E AREIA NO TRAÇO 1:0.5:8 ESP. DAS JUNTAS 10MM E ESP. DAS PAREDES, S/ REV. 14CM | E35: M2 | F35: ='MEMORIA DE CÁLCULO'!J107 -> 3345.22 | G35: 81.28 | H35: =G35*J35 -> 105.6071 | I35: =H35*F35 -> 353279 | J35: 1.2993 | K35: =UPPER(D35) -> ALVENARIA DE BLOCOS DE CONCRETO 14X19X39CM, C/ RESIST. MÍNIMO A COMPRES. 2.5 MPA, ASSENT. C/ ARG. DE CIMENTO, CAL HIDRATADA CH1 E AREIA NO TRAÇO 1:0.5:8 ESP. DAS JUNTAS 10MM E ESP. DAS PAREDES, S/ REV. 14CM
A36: 6.2 | B36: LABOR | C36: 50206 | D36: DIVISÓRIA DE GRANITO CINZA ANDORINHA COM 3 CM DE ESPESSURA, FIXADA COM CANTONEIRA DE FERRO CROMADO | E36: M2 | F36: ='MEMORIA DE CÁLCULO'!J293 -> 118.386 | G36: 454.6 | H36: =G36*J36 -> 590.66178 | I36: =H36*F36 -> 69926.085 | J36: 1.2993 | K36: =UPPER(D36) -> DIVISÓRIA DE GRANITO CINZA ANDORINHA COM 3 CM DE ESPESSURA, FIXADA COM CANTONEIRA DE FERRO CROMADO
A37: 6.3 | B37: LABOR | C37: 50112 | D37: COBOGÓ DE CONCRETO 40 X 40 X 10 CM, TIPO RETO, ASSENTADOS COM ARGAMASSA DE CIMENTO E AREIA NO TRAÇO 1:3, ESPESSURA DAS JUNTAS 15 MM | E37: M2 | F37: ='MEMORIA DE CÁLCULO'!J306 -> 55.44 | G37: 173.57 | H37: =G37*J37 -> 225.5195 | I37: =H37*F37 -> 12502.801 | J37: 1.2993 | K37: =UPPER(D37) -> COBOGÓ DE CONCRETO 40 X 40 X 10 CM, TIPO RETO, ASSENTADOS COM ARGAMASSA DE CIMENTO E AREIA NO TRAÇO 1:3, ESPESSURA DAS JUNTAS 15 MM
A38: 7 | D38: ESQUADRIAS DE MADEIRA | I38: =SUM(I39:I49) -> 185660.27 | K38: =UPPER(D38) -> ESQUADRIAS DE MADEIRA
A39: 7.1 | B39: LABOR | C39: 62505 | D39: PORTA MADEIRA DE LEI TIPO ANGELIM PEDRA OU EQUIV.,ESP. 30 A 35 MM, SARRAFEADA COM ENCHIMENTO, C/ FRISO P/ VERNIZ, PADRÃO SEDU, COM VISOR, INCLUSIVE ALIZARES, DOBRADIÇAS E FECHADURA TIPO EXT. EM LATÃO CROMADO LAFONTE OU EQUIV., EXCL. MARCO, DIMENSÕES: 1.60 X 2.10 M (DUAS FOLHAS) | E39: UNIDADE | F39: ='MEMORIA DE CÁLCULO'!J312 -> 2 | G39: 3609.22 | H39: =G39*J39 -> 4689.4595 | I39: =H39*F39 -> 9378.9191 | J39: 1.2993 | K39: =UPPER(D39) -> PORTA MADEIRA DE LEI TIPO ANGELIM PEDRA OU EQUIV.,ESP. 30 A 35 MM, SARRAFEADA COM ENCHIMENTO, C/ FRISO P/ VERNIZ, PADRÃO SEDU, COM VISOR, INCLUSIVE ALIZARES, DOBRADIÇAS E FECHADURA TIPO EXT. EM LATÃO CROMADO LAFONTE OU EQUIV., EXCL. MARCO, DIMENSÕES: 1.60 X 2.10 M (DUAS FOLHAS)
A40: 7.2 | B40: ADAPTADO 170561 LABOR | C40: COMPOSIÇÃO 13 | D40: MARCO DE MADEIRA DE LEI DE 1ª (PEROBA, IPÊ, ANGELIM PEDRA OU EQUIVALENTE) COM 15X3 CM DE BATENTE, NAS DIMENSÕES DE 1.60 X 2.10 M | E40: UNIDADE | F40: ='MEMORIA DE CÁLCULO'!J314 -> 2 | G40: ='COMPOSIÇÃO DE CUSTO'!F148 -> 407.00317 | H40: =G40*J40 -> 528.81922 | I40: =H40*F40 -> 1057.6384 | J40: 1.2993 | K40: =UPPER(D40) -> MARCO DE MADEIRA DE LEI DE 1ª (PEROBA, IPÊ, ANGELIM PEDRA OU EQUIVALENTE) COM 15X3 CM DE BATENTE, NAS DIMENSÕES DE 1.60 X 2.10 M
A41: 7.3 | B41: ADAPTADO LABOR 160665 | C41: COMPOSIÇÃO 03 | D41: FORNECIMENTO E INSTALAÇÃO DE PORTA CORTA-FOGO PARA SAÍDA DE EMERGÊNCIA DIM.: 160X210X5CM, CONFORME ABNT NBR 11742P, CLASSE P-90, INCL. MARCO, 3 PARES DE DOBRADIÇAAS C/MOLA, BARRA ANTI-PANICO, PINTURA ESMALTE SINTETICO COR VERMELHA | E41: UNIDADE | F41: ='MEMORIA DE CÁLCULO'!J316 -> 2 | G41: ='COMPOSIÇÃO DE CUSTO'!F36 -> 3860.0855 | H41: =G41*J41 -> 5015.409 | I41: =H41*F41 -> 10030.818 | J41: 1.2993 | K41: =UPPER(D41) -> FORNECIMENTO E INSTALAÇÃO DE PORTA CORTA-FOGO PARA SAÍDA DE EMERGÊNCIA DIM.: 160X210X5CM, CONFORME ABNT NBR 11742P, CLASSE P-90, INCL. MARCO, 3 PARES DE DOBRADIÇAAS C/MOLA, BARRA ANTI-PANICO, PINTURA ESMALTE SINTETICO COR VERMELHA
A42: 7.4 | B42: ADAPTADO LABOR 160665 | C42: COMPOSIÇÃO 04 | D42: FORNECIMENTO E INSTALAÇÃO DE PORTA CORTA-FOGO PARA SAÍDA DE EMERGÊNCIA DIM.: 80X210X5CM, CONFORME ABNT NBR 11742P, CLASSE P-90, INCL. MARCO, 3 PARES DE DOBRADIÇAAS C/MOLA, BARRA ANTI-PANICO, PINTURA ESMALTE SINTETICO COR VERMELHA | E42: UNIDADE | F42: ='MEMORIA DE CÁLCULO'!J318 -> 1 | G42: ='COMPOSIÇÃO DE CUSTO'!F52 -> 1930.0427 | H42: =G42*J42 -> 2507.7045 | I42: =H42*F42 -> 2507.7045 | J42: 1.2993 | K42: =UPPER(D42) -> FORNECIMENTO E INSTALAÇÃO DE PORTA CORTA-FOGO PARA SAÍDA DE EMERGÊNCIA DIM.: 80X210X5CM, CONFORME ABNT NBR 11742P, CLASSE P-90, INCL. MARCO, 3 PARES DE DOBRADIÇAAS C/MOLA, BARRA ANTI-PANICO, PINTURA ESMALTE SINTETICO COR VERMELHA
A43: 7.5 | B43: ADAPTADO TCPO PINI 3R 09 15 00 00 00 00 05 34 | C43: COMPOSIÇÃO 08 | D43: PORTA DE MADEIRA 0,80 X 2,10 M, INTERNA, COM BATENTE, GUARNIÇÃO E FERRAGEM | E43: UNIDADE | F43: ='MEMORIA DE CÁLCULO'!J320 -> 47 | G43: ='COMPOSIÇÃO DE CUSTO'!F95 -> 1013.4576 | H43: =G43*J43 -> 1316.7854 | I43: =H43*F43 -> 61888.915 | J43: 1.2993 | K43: =UPPER(D43) -> PORTA DE MADEIRA 0,80 X 2,10 M, INTERNA, COM BATENTE, GUARNIÇÃO E FERRAGEM
A44: 7.6 | B44: LABOR | C44: 62503 | D44: PORTA MADEIRA DE LEI TIPO ANGELIM PEDRA OU EQUIV.,ESP. 30 A 35 MM, SARRAFEADA COM ENCHIMENTO, C/ FRISO P/ VERNIZ, PADRÃO SEDU, COM VISOR, INCLUSIVE ALIZARES, DOBRADIÇAS E FECHADURA TIPO EXT. EM LATÃO CROMADO LAFONTE OU EQUIV., EXCL. MARCO, DIMENSÕES: 0.80 X 2.10 M | E44: UNIDADE | F44: ='MEMORIA DE CÁLCULO'!J322 -> 21 | G44: 1993.31 | H44: =G44*J44 -> 2589.9077 | I44: =H44*F44 -> 54388.061 | J44: 1.2993 | K44: =UPPER(D44) -> PORTA MADEIRA DE LEI TIPO ANGELIM PEDRA OU EQUIV.,ESP. 30 A 35 MM, SARRAFEADA COM ENCHIMENTO, C/ FRISO P/ VERNIZ, PADRÃO SEDU, COM VISOR, INCLUSIVE ALIZARES, DOBRADIÇAS E FECHADURA TIPO EXT. EM LATÃO CROMADO LAFONTE OU EQUIV., EXCL. MARCO, DIMENSÕES: 0.80 X 2.10 M
A45: 7.7 | B45: LABOR | C45: 60103 | D45: MARCO DE MADEIRA DE LEI DE 1ª (PEROBA, IPÊ, ANGELIM PEDRA OU EQUIVALENTE) COM 15X3 CM DE BATENTE, NAS DIMENSÕES DE 0.80 X 2.10 M | E45: UNIDADE | F45: ='MEMORIA DE CÁLCULO'!J329 -> 21 | G45: 418.85 | H45: =G45*J45 -> 544.21181 | I45: =H45*F45 -> 11428.448 | J45: 1.2993 | K45: =UPPER(D45) -> MARCO DE MADEIRA DE LEI DE 1ª (PEROBA, IPÊ, ANGELIM PEDRA OU EQUIVALENTE) COM 15X3 CM DE BATENTE, NAS DIMENSÕES DE 0.80 X 2.10 M
A46: 7.8 | B46: ADAPTADO TCPO PINI 3R 09 15 00 00 00 00 05 16 | C46: COMPOSIÇÃO 16 | D46: PORTA DE MADEIRA 0,60 X 2,10 M, INTERNA, COM BATENTE, GUARNIÇÃO E FERRAGEM | E46: UNIDADE | F46: ='MEMORIA DE CÁLCULO'!J331 -> 2 | G46: ='COMPOSIÇÃO DE CUSTO'!F184 -> 955.52107 | H46: =G46*J46 -> 1241.5085 | I46: =H46*F46 -> 2483.0171 | J46: 1.2993 | K46: =UPPER(D46) -> PORTA DE MADEIRA 0,60 X 2,10 M, INTERNA, COM BATENTE, GUARNIÇÃO E FERRAGEM
A47: 7.9 | B47: LABOR | C47: 130311 | D47: SOLEIRA DE GRANITO CINZA, ESPESSURA 3 CM E LARGURA DE 3 CM, CONFORME DETALHE EM PROJETO | E47: M | F47: ='MEMORIA DE CÁLCULO'!J333 -> 95.1 | G47: 28.5 | H47: =G47*J47 -> 37.03005 | I47: =H47*F47 -> 3521.5578 | J47: 1.2993 | K47: =UPPER(D47) -> SOLEIRA DE GRANITO CINZA, ESPESSURA 3 CM E LARGURA DE 3 CM, CONFORME DETALHE EM PROJETO
A48: 7.1 | B48: LABOR | C48: 130317 | D48: PEITORIL DE GRANITO CINZA POLIDO, 15 CM, ESP. 3CM | E48: M | F48: ='MEMORIA DE CÁLCULO'!J335 -> 211 | G48: 81.78 | H48: =G48*J48 -> 106.25675 | I48: =H48*F48 -> 22420.175 | J48: 1.2993 | K48: =UPPER(D48) -> PEITORIL DE GRANITO CINZA POLIDO, 15 CM, ESP. 3CM
A49: 7.11 | B49: LABOR | C49: 50301 | D49: VERGA/CONTRAVERGA RETA DE CONCRETO ARMADO 10 X 5 CM, FCK = 15 MPA, INCLUSIVE FORMA, ARMAÇÃO E DESFORMA | E49: M | F49: ='MEMORIA DE CÁLCULO'!J337 -> 509.6 | G49: 9.9 | H49: =G49*J49 -> 12.86307 | I49: =H49*F49 -> 6555.0205 | J49: 1.2993 | K49: =UPPER(D49) -> VERGA/CONTRAVERGA RETA DE CONCRETO ARMADO 10 X 5 CM, FCK = 15 MPA, INCLUSIVE FORMA, ARMAÇÃO E DESFORMA
A50: 8 | D50: ESQUADRIAS METÁLICAS | I50: =SUM(I51:I60) -> 473058.19 | K50: =UPPER(D50) -> ESQUADRIAS METÁLICAS
A51: 8.1 | B51: LABOR | C51: 71702 | D51: BÁSCULA PARA VIDRO EM ALUMÍNIO ANODIZADO COR NATURAL, LINHA 25, COMPLETA, COM TRANCA, CAIXILHO, ALIZAR E CONTRAMARCO, EXCLUSIVE VIDRO | E51: M2 | F51: ='MEMORIA DE CÁLCULO'!J341 -> 70.68 | G51: 609.38 | H51: =G51*J51 -> 791.76743 | I51: =H51*F51 -> 55962.122 | J51: 1.2993 | K51: =UPPER(D51) -> BÁSCULA PARA VIDRO EM ALUMÍNIO ANODIZADO COR NATURAL, LINHA 25, COMPLETA, COM TRANCA, CAIXILHO, ALIZAR E CONTRAMARCO, EXCLUSIVE VIDRO
A52: 8.2 | B52: LABOR | C52: 71701 | D52: JANELA DE CORRER PARA VIDRO EM ALUMÍNIO ANODIZADO COR NATURAL, LINHA 25, COMPLETA, INCL. PUXADOR COM TRANCA, ALIZAR, CAIXILHO E CONTRAMARCO, EXCLUSIVE VIDRO | E52: M2 | F52: ='MEMORIA DE CÁLCULO'!J343 -> 222.2 | G52: 520.33 | H52: =G52*J52 -> 676.06477 | I52: =H52*F52 -> 150221.59 | J52: 1.2993 | K52: =UPPER(D52) -> JANELA DE CORRER PARA VIDRO EM ALUMÍNIO ANODIZADO COR NATURAL, LINHA 25, COMPLETA, INCL. PUXADOR COM TRANCA, ALIZAR, CAIXILHO E CONTRAMARCO, EXCLUSIVE VIDRO
A53: 8.3 | B53: LABOR | C53: 71703 | D53: JANELA TIPO MAXIM-AR PARA VIDRO EM ALUMÍNIO ANODIZADO NATURAL, LINHA 25, COMPLETA, INCL. PUXADOR COM TRANCA, CAIXILHO, ALIZAR E CONTRAMARCO, EXCLUSIVE VIDRO | E53: M2 | F53: ='MEMORIA DE CÁLCULO'!J345 -> 10.6 | G53: 460.51 | H53: =G53*J53 -> 598.34064 | I53: =H53*F53 -> 6342.4108 | J53: 1.2993 | K53: =UPPER(D53) -> JANELA TIPO MAXIM-AR PARA VIDRO EM ALUMÍNIO ANODIZADO NATURAL, LINHA 25, COMPLETA, INCL. PUXADOR COM TRANCA, CAIXILHO, ALIZAR E CONTRAMARCO, EXCLUSIVE VIDRO
A54: 8.4 | B54: LABOR | C54: 71704 | D54: PORTA DE ABRIR TIPO VENEZIANA EM ALUMÍNIO ANODIZADO, LINHA 25, COMPLETA, INCL. PUXADOR COM TRANCA, CAIXILHO, ALIZAR E CONTRAMARCO | E54: M2 | F54: ='MEMORIA DE CÁLCULO'!J347 -> 49.56 | G54: 949.4 | H54: =G54*J54 -> 1233.5554 | I54: =H54*F54 -> 61135.007 | J54: 1.2993 | K54: =UPPER(D54) -> PORTA DE ABRIR TIPO VENEZIANA EM ALUMÍNIO ANODIZADO, LINHA 25, COMPLETA, INCL. PUXADOR COM TRANCA, CAIXILHO, ALIZAR E CONTRAMARCO
A55: 8.5 | B55: LABOR | C55: 71105 | D55: GRADE DE FERRO EM BARRA CHATA, INCLUSIVE CHUMBAMENTO | E55: M2 | F55: ='MEMORIA DE CÁLCULO'!J349 -> 38.01 | G55: 374.16 | H55: =G55*J55 -> 486.14609 | I55: =H55*F55 -> 18478.413 | J55: 1.2993 | K55: =UPPER(D55) -> GRADE DE FERRO EM BARRA CHATA, INCLUSIVE CHUMBAMENTO
A56: 8.6 | B56: LABOR | C56: 71106 | D56: PORTÃO DE FERRO DE CORRER EM BARRA CHATA, INCLUSIVE CHUMBAMENTO | E56: M2 | F56: ='MEMORIA DE CÁLCULO'!J351 -> 21.84 | G56: 756.34 | H56: =G56*J56 -> 982.71256 | I56: =H56*F56 -> 21462.442 | J56: 1.2993 | K56: =UPPER(D56) -> PORTÃO DE FERRO DE CORRER EM BARRA CHATA, INCLUSIVE CHUMBAMENTO
A57: 8.7 | B57: ADAPTADO LABOR | C57: COMPOSIÇÃO 14 | D57: 'FECHADURA ELÉTRICA DUPLA PRETA FORNECIMENTO E INSTALAÇÃO | E57: UNIDADE | F57: ='MEMORIA DE CÁLCULO'!J353 -> 4 | G57: ='COMPOSIÇÃO DE CUSTO'!F156 -> 300.38667 | H57: =G57*J57 -> 390.2924 | I57: =H57*F57 -> 1561.1696 | J57: 1.2993 | K57: =UPPER(D57) -> 'FECHADURA ELÉTRICA DUPLA PRETA FORNECIMENTO E INSTALAÇÃO
A58: 8.8 | B58: LABOR | C58: 71107 | D58: PORTÃO DE FERRO DE ABRIR EM BARRA CHATA, CHAPA E TUBO, INCLUSIVE CHUMBAMENTO | E58: M2 | F58: ='MEMORIA DE CÁLCULO'!J355 -> 32.13 | G58: 856.72 | H58: =G58*J58 -> 1113.1363 | I58: =H58*F58 -> 35765.069 | J58: 1.2993 | K58: =UPPER(D58) -> PORTÃO DE FERRO DE ABRIR EM BARRA CHATA, CHAPA E TUBO, INCLUSIVE CHUMBAMENTO
A59: 8.9 | B59: ADAPTADO SEINFRA C4557 | C59: C4557 | D59: PORTÃO DESLIZANTE NYLOFOR, COMPOSTO DE QUADRO, PAINÉIS E ACESSÓRIOS COM PINTURA ELETROSTÁTICA COM TINTA POLIESTER, NAS CORES VERDE OU BRANCA, COM POSTE EM AÇO REVESTIDO, COR VERDE OU BRANCA - FORNECIMENTO E MONTAGEM | E59: M2 | F59: ='MEMORIA DE CÁLCULO'!J357 -> 14.58 | G59: 494.52 | H59: =G59*J59 -> 642.52984 | I59: =H59*F59 -> 9368.085 | J59: 1.2993 | K59: =UPPER(D59) -> PORTÃO DESLIZANTE NYLOFOR, COMPOSTO DE QUADRO, PAINÉIS E ACESSÓRIOS COM PINTURA ELETROSTÁTICA COM TINTA POLIESTER, NAS CORES VERDE OU BRANCA, COM POSTE EM AÇO REVESTIDO, COR VERDE OU BRANCA - FORNECIMENTO E MONTAGEM
A60: 8.1 | B60: ADAPTADO ORSE 12183 | C60: COMPOSIÇÃO 06 | D60: BRISE METÁLICO SM-84 COR PRATA OU SIMILAR, COM ESTRUTURA E MONTAGEM | E60: M2 | F60: ='MEMORIA DE CÁLCULO'!J359 -> 250.18 | G60: ='COMPOSIÇÃO DE CUSTO'!F66 -> 390 | H60: =G60*J60 -> 450.723 | I60: =H60*F60 -> 112761.88 | J60: 1.1557 | K60: =UPPER(D60) -> BRISE METÁLICO SM-84 COR PRATA OU SIMILAR, COM ESTRUTURA E MONTAGEM
A61: 9 | D61: VIDROS E ESPELHOS | I61: =SUM(I62:I63) -> 149487.31 | K61: =UPPER(D61) -> VIDROS E ESPELHOS
A62: 9.1 | B62: LABOR | C62: 80102 | D62: VIDRO PLANO TRANSPARENTE LISO, COM 4 MM DE ESPESSURA | E62: M2 | F62: ='MEMORIA DE CÁLCULO'!J362 -> 303.48 | G62: 315.7 | H62: =G62*J62 -> 364.85449 | I62: =H62*F62 -> 110726.04 | J62: 1.1557 | K62: =UPPER(D62) -> VIDRO PLANO TRANSPARENTE LISO, COM 4 MM DE ESPESSURA
A63: 9.2 | B63: LABOR | C63: 80201 | D63: ESPELHO PARA BANHEIROS ESPESSURA 4 MM, INCLUINDO CHAPA COMPENSADA 10 MM, MOLDURA DE ALUMÍNIO EM PERFIL L 3/4", FIXADO COM PARAFUSOS CROMADOS | E63: M2 | F63: ='MEMORIA DE CÁLCULO'!J364 -> 45.176 | G63: 660.36 | H63: =G63*J63 -> 858.00575 | I63: =H63*F63 -> 38761.268 | J63: 1.2993 | K63: =UPPER(D63) -> ESPELHO PARA BANHEIROS ESPESSURA 4 MM, INCLUINDO CHAPA COMPENSADA 10 MM, MOLDURA DE ALUMÍNIO EM PERFIL L 3/4", FIXADO COM PARAFUSOS CROMADOS
A64: 10 | D64: IMPERMEABILIZAÇÕES | I64: =SUM(I65:I67) -> 295884.85 | K64: =UPPER(D64) -> IMPERMEABILIZAÇÕES
A65: 10.1 | B65: LABOR | C65: 100208 | D65: ÍNDICE DE IMPERM.C/ MANTA ASFÁLTICA ATENDENDO NBR 9952, ASFALTO POLIMERIZADO ESP.3MM, REFORÇ.C/ FILME INT. POLIETILENO, REGUL. BASE C/ ARG.1:4 ESP.MÍN.15MM, PROTEÇÃO MEC. ARG.1:4 ESP.20MM E JUNTAS DILAT. | E65: M2 | F65: ='MEMORIA DE CÁLCULO'!J394 -> 631.332 | G65: 297.16 | H65: =G65*J65 -> 343.42781 | I65: =H65*F65 -> 216816.97 | J65: 1.1557 | K65: =UPPER(D65) -> ÍNDICE DE IMPERM.C/ MANTA ASFÁLTICA ATENDENDO NBR 9952, ASFALTO POLIMERIZADO ESP.3MM, REFORÇ.C/ FILME INT. POLIETILENO, REGUL. BASE C/ ARG.1:4 ESP.MÍN.15MM, PROTEÇÃO MEC. ARG.1:4 ESP.20MM E JUNTAS DILAT.
A66: 10.2 | B66: LABOR | C66: 100204 | D66: IMPERMEABILIZAÇÃO, EMPREGANDO ARGAMASSA DE CIMENTO E AREIA SEM PENEIRAR NO TRAÇO 1:3 COM ADITIVO IMPERMEABILIZADO TIPO SIKA 1 OU EQUIVALENTE, ESPESSURA DE 2 CM | E66: M2 | F66: ='MEMORIA DE CÁLCULO'!J410 -> 254.44 | G66: 43.91 | H66: =G66*J66 -> 57.052263 | I66: =H66*F66 -> 14516.378 | J66: 1.2993 | K66: =UPPER(D66) -> IMPERMEABILIZAÇÃO, EMPREGANDO ARGAMASSA DE CIMENTO E AREIA SEM PENEIRAR NO TRAÇO 1:3 COM ADITIVO IMPERMEABILIZADO TIPO SIKA 1 OU EQUIVALENTE, ESPESSURA DE 2 CM
A67: 10.3 | B67: SINAPI | C67: 98562 | D67: IMPERMEABILIZAÇÃO DE FLOREIRA OU VIGA BALDRAME COM ARGAMASSA DE CIMENTO E AREIA, COM ADITIVO IMPERMEABILIZANTE, E = 2 CM. AF_06/2018 | E67: M2 | F67: ='MEMORIA DE CÁLCULO'!J437 -> 1217.69 | G67: 40.8 | H67: =G67*J67 -> 53.01144 | I67: =H67*F67 -> 64551.5 | J67: 1.2993 | K67: =UPPER(D67) -> IMPERMEABILIZAÇÃO DE FLOREIRA OU VIGA BALDRAME COM ARGAMASSA DE CIMENTO E AREIA, COM ADITIVO IMPERMEABILIZANTE, E = 2 CM. AF_06/2018
A68: 11 | D68: TETOS E FORROS | I68: =I69 -> 111504.99 | K68: =UPPER(D68) -> TETOS E FORROS
A69: 11.1 | B69: SINAPI | C69: 96113 | D69: FORRO EM PLACAS DE GESSO, PARA AMBIENTES COMERCIAIS. AF_05/2017_P | E69: M2 | F69: ='MEMORIA DE CÁLCULO'!J440 -> 2519.65 | G69: 34.06 | H69: =G69*J69 -> 44.254158 | I69: =ROUND(F69*H69,2) -> 111504.99 | J69: 1.2993 | K69: =UPPER(D69) -> FORRO EM PLACAS DE GESSO, PARA AMBIENTES COMERCIAIS. AF_05/2017_P
A70: 12 | D70: REVESTIMENTOS | I70: =SUM(I71:I77) -> 758176.37 | K70: =UPPER(D70) -> REVESTIMENTOS
A71: 12.1 | B71: LABOR | C71: 120302 | D71: REBOCO DE ARGAMASSA DE CIMENTO, CAL HIDRATADA CH1 E AREIA MÉDIA OU GROSSA LAVADA NO TRAÇO 1:0.5:6, ESPESSURA 5MM | E71: M2 | F71: ='MEMORIA DE CÁLCULO'!J537 -> 3799.254 | G71: 22.39 | H71: =G71*J71 -> 29.091327 | I71: =H71*F71 -> 110525.34 | J71: 1.2993 | K71: =UPPER(D71) -> REBOCO DE ARGAMASSA DE CIMENTO, CAL HIDRATADA CH1 E AREIA MÉDIA OU GROSSA LAVADA NO TRAÇO 1:0.5:6, ESPESSURA 5MM
A72: 12.2 | B72: LABOR | C72: 120308 | D72: CHAPISCO DE ARGAMASSA DE CIMENTO E AREIA MÉDIA OU GROSSA LAVADA NO TRAÇO 1:3, ESPESSURA 5MM, COM UTILIZAÇÃO DE IMPERMEABILIZANTE | E72: M2 | F72: ='MEMORIA DE CÁLCULO'!J542 -> 6873.008 | G72: 7.8 | H72: =G72*J72 -> 10.13454 | I72: =H72*F72 -> 69654.775 | J72: 1.2993 | K72: =UPPER(D72) -> CHAPISCO DE ARGAMASSA DE CIMENTO E AREIA MÉDIA OU GROSSA LAVADA NO TRAÇO 1:3, ESPESSURA 5MM, COM UTILIZAÇÃO DE IMPERMEABILIZANTE
A73: 12.3 | B73: LABOR | C73: 120232 | D73: CERÂMICA 10 X 10 CM, REF CAMBURI BRANCO ELIANE, CECRISA OU PORTOBELLO, EMPREGANDO ARGAMASSA COLANTE, INCLUSIVE REJUNTAMENTO JUNTA PLUS CINZA CLARO ESP. 3 MM | E73: M2 | F73: ='MEMORIA DE CÁLCULO'!J546 -> 2208.135 | G73: 106.63 | H73: =G73*J73 -> 138.54436 | I73: =H73*F73 -> 305924.65 | J73: 1.2993 | K73: =UPPER(D73) -> CERÂMICA 10 X 10 CM, REF CAMBURI BRANCO ELIANE, CECRISA OU PORTOBELLO, EMPREGANDO ARGAMASSA COLANTE, INCLUSIVE REJUNTAMENTO JUNTA PLUS CINZA CLARO ESP. 3 MM
A74: 12.4 | B74: SINAPI | C74: 87273 | D74: REVESTIMENTO CERÂMICO PARA PAREDES INTERNAS COM PLACAS TIPO ESMALTADA EXTRA DE DIMENSÕES 33X45 CM APLICADAS EM AMBIENTES DE ÁREA MAIOR QUE 5 M² NA ALTURA INTEIRA DAS PAREDES. AF_06/2014 | E74: M2 | F74: ='MEMORIA DE CÁLCULO'!J551 -> 865.619 | G74: 71.12 | H74: =G74*J74 -> 92.406216 | I74: =H74*F74 -> 79988.576 | J74: 1.2993 | K74: =UPPER(D74) -> REVESTIMENTO CERÂMICO PARA PAREDES INTERNAS COM PLACAS TIPO ESMALTADA EXTRA DE DIMENSÕES 33X45 CM APLICADAS EM AMBIENTES DE ÁREA MAIOR QUE 5 M² NA ALTURA INTEIRA DAS PAREDES. AF_06/2014
A75: 12.5 | B75: LABOR | C75: 190103 | D75: EMASSAMENTO DE PAREDES E FORROS, COM DUAS DEMÃOS DE MASSA ACRÍLICA, MARCAS DE REFERÊNCIA SUVINIL, CORAL OU METALATEX | E75: M2 | F75: ='MEMORIA DE CÁLCULO'!J554 -> 904.37 | G75: 16.81 | H75: =G75*J75 -> 21.841233 | I75: =H75*F75 -> 19752.556 | J75: 1.2993 | K75: =UPPER(D75) -> EMASSAMENTO DE PAREDES E FORROS, COM DUAS DEMÃOS DE MASSA ACRÍLICA, MARCAS DE REFERÊNCIA SUVINIL, CORAL OU METALATEX
A76: 12.6 | B76: LABOR | C76: 120301 | D76: EMBOÇO DE ARGAMASSA DE CIMENTO, CAL HIDRATADA CH1 E AREIA MÉDIA OU GROSSA LAVADA NO TRAÇO 1:0.5:6, ESPESSURA 20 MM | E76: M2 | F76: ='MEMORIA DE CÁLCULO'!J556 -> 3073.754 | G76: 32.42 | H76: =G76*J76 -> 42.123306 | I76: =H76*F76 -> 129476.68 | J76: 1.2993 | K76: =UPPER(D76) -> EMBOÇO DE ARGAMASSA DE CIMENTO, CAL HIDRATADA CH1 E AREIA MÉDIA OU GROSSA LAVADA NO TRAÇO 1:0.5:6, ESPESSURA 20 MM
A77: 12.7 | B77: LABOR | C77: 190101 | D77: EMASSAMENTO DE PAREDES E FORROS, COM DUAS DEMÃOS DE MASSA À BASE DE PVA, MARCAS DE REFERÊNCIA SUVINIL, CORAL OU METALATEX | E77: M2 | F77: ='MEMORIA DE CÁLCULO'!J563 -> 2519.65 | G77: 13.09 | H77: =G77*J77 -> 17.007837 | I77: =H77*F77 -> 42853.796 | J77: 1.2993 | K77: =UPPER(D77) -> EMASSAMENTO DE PAREDES E FORROS, COM DUAS DEMÃOS DE MASSA À BASE DE PVA, MARCAS DE REFERÊNCIA SUVINIL, CORAL OU METALATEX
A78: 13 | D78: PISOS INTERNOS E EXTERNOS | I78: =SUM(I79:I89) -> 398694.7 | K78: =UPPER(D78) -> PISOS INTERNOS E EXTERNOS
A79: 13.1 | B79: LABOR | C79: 130236 | D79: PISO CERÂMICO ESMALTADO, PEI 5, ACABAMENTO SEMIBRILHO, DIM. 45X45CM, REF. DE COR CARGO PLUS WHITE ELIANE/EQUIV. ASSENTADO COM ARGAMASSA DE CIMENTO COLANTE, INCLUSIVE REJUNTAMENTO | E79: M2 | F79: ='MEMORIA DE CÁLCULO'!J566 -> 2188.87 | G79: 71.56 | H79: =G79*J79 -> 92.977908 | I79: =H79*F79 -> 203516.55 | J79: 1.2993 | K79: =UPPER(D79) -> PISO CERÂMICO ESMALTADO, PEI 5, ACABAMENTO SEMIBRILHO, DIM. 45X45CM, REF. DE COR CARGO PLUS WHITE ELIANE/EQUIV. ASSENTADO COM ARGAMASSA DE CIMENTO COLANTE, INCLUSIVE REJUNTAMENTO
A80: 13.2 | B80: LABOR | C80: 130236 | D80: PISO CERÂMICO ESMALTADO, PEI 5, ACABAMENTO SEMIBRILHO, DIM. 45X45CM, REF. DE COR CARGO PLUS WHITE ELIANE/EQUIV. ASSENTADO COM ARGAMASSA DE CIMENTO COLANTE, INCLUSIVE REJUNTAMENTO | E80: M2 | F80: ='MEMORIA DE CÁLCULO'!J568 -> 250.31 | G80: 71.56 | H80: =G80*J80 -> 92.977908 | I80: =H80*F80 -> 23273.3 | J80: 1.2993 | K80: =UPPER(D80) -> PISO CERÂMICO ESMALTADO, PEI 5, ACABAMENTO SEMIBRILHO, DIM. 45X45CM, REF. DE COR CARGO PLUS WHITE ELIANE/EQUIV. ASSENTADO COM ARGAMASSA DE CIMENTO COLANTE, INCLUSIVE REJUNTAMENTO
A81: 13.3 | B81: LABOR | C81: 34787 | D81: PISO CERAMICO 45X45 CM CARGO PLUS WHITE ELIANE - PEI 5 (LABOR) (SEM COLOCACAO, PARA DEPÓSITO APENAS INSUMO) | E81: M2 | F81: 100 | G81: 46.28 | H81: =G81*J81 -> 53.485796 | I81: =H81*F81 -> 5348.5796 | J81: 1.1557 | K81: =UPPER(D81) -> PISO CERAMICO 45X45 CM CARGO PLUS WHITE ELIANE - PEI 5 (LABOR) (SEM COLOCACAO, PARA DEPÓSITO APENAS INSUMO)
A82: 13.4 | B82: LABOR | C82: 130202 | D82: PISO CIMENTADO LISO COM 1.5 CM DE ESPESSURA, DE ARGAMASSA DE CIMENTO E AREIA NO TRAÇO 1:3 E JUNTAS PLÁSTICAS EM QUADROS DE 1 M | E82: M2 | F82: ='MEMORIA DE CÁLCULO'!J572 -> 1402.78 | G82: 56.02 | H82: =G82*J82 -> 72.786786 | I82: =H82*F82 -> 102103.85 | J82: 1.2993 | K82: =UPPER(D82) -> PISO CIMENTADO LISO COM 1.5 CM DE ESPESSURA, DE ARGAMASSA DE CIMENTO E AREIA NO TRAÇO 1:3 E JUNTAS PLÁSTICAS EM QUADROS DE 1 M
A83: 13.5 | B83: LABOR | C83: 130103 | D83: REGULARIZAÇÃO DE BASE P/ REVESTIMENTO CERÂMICO, COM ARGAMASSA DE CIMENTO E AREIA NO TRAÇO 1:5, ESPESSURA 3CM | E83: M2 | F83: ='MEMORIA DE CÁLCULO'!J574 -> 46.8 | G83: 24.57 | H83: =G83*J83 -> 31.923801 | I83: =H83*F83 -> 1494.0339 | J83: 1.2993 | K83: =UPPER(D83) -> REGULARIZAÇÃO DE BASE P/ REVESTIMENTO CERÂMICO, COM ARGAMASSA DE CIMENTO E AREIA NO TRAÇO 1:5, ESPESSURA 3CM
A84: 13.6 | B84: LABOR | C84: 130112 | D84: LASTRO DE CONCRETO NÃO ESTRUTURAL, ESPESSURA DE 6 CM | E84: M2 | F84: ='MEMORIA DE CÁLCULO'!J576 -> 46.8 | G84: 50.19 | H84: =G84*J84 -> 65.211867 | I84: =H84*F84 -> 3051.9154 | J84: 1.2993 | K84: =UPPER(D84) -> LASTRO DE CONCRETO NÃO ESTRUTURAL, ESPESSURA DE 6 CM
A85: 13.7 | B85: LABOR | C85: 200253 | D85: FORNECIMENTO E ASSENTAMENTO DE LADRILHO HIDRÁULICO PASTILHADO, VERMELHO, DIM. 20X20 CM, ESP. 1.5CM, ASSENTADO COM PASTA DE CIMENTO COLANTE, EXCLUSIVE REGULARIZAÇÃO E LASTRO | E85: M2 | F85: ='MEMORIA DE CÁLCULO'!H580 -> 46.8 | G85: 97.74 | H85: =G85*J85 -> 126.99358 | I85: =H85*F85 -> 5943.2996 | J85: 1.2993 | K85: =UPPER(D85) -> FORNECIMENTO E ASSENTAMENTO DE LADRILHO HIDRÁULICO PASTILHADO, VERMELHO, DIM. 20X20 CM, ESP. 1.5CM, ASSENTADO COM PASTA DE CIMENTO COLANTE, EXCLUSIVE REGULARIZAÇÃO E LASTRO
A86: 13.8 | B86: SINAPI | C86: 101736 | D86: PISO DE BORRACHA PASTILHADO, ESPESSURA 3,5MM, FIXADO COM ADESIVO ACRÍLICO. AF_09/2020 | E86: M2 | F86: ='MEMORIA DE CÁLCULO'!J581 -> 32.42 | G86: 107.05 | H86: =G86*J86 -> 139.09006 | I86: =H86*F86 -> 4509.2999 | J86: 1.2993 | K86: =UPPER(D86) -> PISO DE BORRACHA PASTILHADO, ESPESSURA 3,5MM, FIXADO COM ADESIVO ACRÍLICO. AF_09/2020
A87: 13.9 | B87: SINAPI | C87: 101727 | D87: PISO VINÍLICO SEMI-FLEXÍVEL EM PLACAS, PADRÃO LISO, ESPESSURA 3,2 MM, FIXADO COM COLA. AF_09/2020 | E87: M2 | F87: ='MEMORIA DE CÁLCULO'!J583 -> 152.5 | G87: 191.09 | H87: =G87*J87 -> 248.28324 | I87: =H87*F87 -> 37863.194 | J87: 1.2993 | K87: =UPPER(D87) -> PISO VINÍLICO SEMI-FLEXÍVEL EM PLACAS, PADRÃO LISO, ESPESSURA 3,2 MM, FIXADO COM COLA. AF_09/2020
A88: 13.1 | B88: SINAPI | C88: 4792 | D88: PLACA VINILICA SEMIFLEXIVEL PARA PISOS, E = 3,2 MM, 30 X 30 CM (SEM COLOCACAO, PARA DEPÓSITO APENAS INSUMO) | E88: M2 | F88: ='MEMORIA DE CÁLCULO'!J585 -> 60 | G88: 162.2 | H88: =G88*J88 -> 187.45454 | I88: =H88*F88 -> 11247.272 | J88: 1.1557 | K88: =UPPER(D88) -> PLACA VINILICA SEMIFLEXIVEL PARA PISOS, E = 3,2 MM, 30 X 30 CM (SEM COLOCACAO, PARA DEPÓSITO APENAS INSUMO)
A89: 13.11 | B89: SINAPI | C89: 4791 | D89: ADESIVO ACRILICO DE BASE AQUOSA / COLA DE CONTATO (SEM COLOCACAO, PARA DEPÓSITO APENAS INSUMO) | E89: KG | F89: ='MEMORIA DE CÁLCULO'!J587 -> 5.7 | G89: 52.13 | H89: =G89*J89 -> 60.246641 | I89: =H89*F89 -> 343.40585 | J89: 1.1557 | K89: =UPPER(D89) -> ADESIVO ACRILICO DE BASE AQUOSA / COLA DE CONTATO (SEM COLOCACAO, PARA DEPÓSITO APENAS INSUMO)
A90: 14 | D90: INSTALAÇÃO HIDROSSANITÁRIAS | I90: =SUM(I91:I107) -> 381263.74 | K90: =UPPER(D90) -> INSTALAÇÃO HIDROSSANITÁRIAS
A91: 14.1 | B91: LABOR | C91: 141101 | D91: CAIXAS DE INSPEÇÃO DE ALV. BLOCOS CONCRETO 9X19X39CM, DIM, 60X60CM E HMÁX = 1M, COM TAMPA DE CONC. ESP. 5CM, LASTRO DE CONC. ESP. 10CM, REVEST INTERN. C/ CHAPISCO E REBOCO IMPERMEABILIZADO, INCL. ESCAVAÇÃO, REATERRO E ENCHIMENTO | E91: UND | F91: ='MEMORIA DE CÁLCULO'!J590 -> 26 | G91: 554.64 | H91: =G91*J91 -> 720.64375 | I91: =ROUND(F91*H91,2) -> 18736.74 | J91: 1.2993 | K91: =UPPER(D91) -> CAIXAS DE INSPEÇÃO DE ALV. BLOCOS CONCRETO 9X19X39CM, DIM, 60X60CM E HMÁX = 1M, COM TAMPA DE CONC. ESP. 5CM, LASTRO DE CONC. ESP. 10CM, REVEST INTERN. C/ CHAPISCO E REBOCO IMPERMEABILIZADO, INCL. ESCAVAÇÃO, REATERRO E ENCHIMENTO
A92: 14.2 | B92: LABOR | C92: 141104 | D92: CAIXA DE GORDURA DE ALV. BLOCO CONCRETO 9X19X39CM, DIM.60X60CM E HMÁX=1M, COM TAMPA EM CONCRETO ESP.5CM, LASTRO CONCRETO ESP.10CM, REVESTIDA INTERN. C/ CHAPISCO E REBOCO IMPERMEAB, ESCAVAÇÃO, REATERRO E PAREDE INTERNA EM CONCRETO | E92: UND | F92: ='MEMORIA DE CÁLCULO'!J591 -> 3 | G92: 594.14 | H92: =G92*J92 -> 771.9661 | I92: =ROUND(F92*H92,2) -> 2315.9 | J92: 1.2993 | K92: =UPPER(D92) -> CAIXA DE GORDURA DE ALV. BLOCO CONCRETO 9X19X39CM, DIM.60X60CM E HMÁX=1M, COM TAMPA EM CONCRETO ESP.5CM, LASTRO CONCRETO ESP.10CM, REVESTIDA INTERN. C/ CHAPISCO E REBOCO IMPERMEAB, ESCAVAÇÃO, REATERRO E PAREDE INTERNA EM CONCRETO
A93: 14.3 | B93: LABOR | C93: 141103 | D93: CAIXA SIFONADA ESPECIAL DE ALV. BLOCO CONC.9X19X39CM, DIM 60X60CM E HMÁX=1M, C/ TAMPA EM CONCRETO ESP.5CM, LASTRO CONC.ESP.10CM, REVEST. INTERN. C/CHAP. E REB. IMPERMEAB. ESCAV, REATERRO E CURVA CURTA C/ VISITA E PLUG EM PVC 100MM | E93: UND | F93: ='MEMORIA DE CÁLCULO'!J592 -> 87 | G93: 627.61 | H93: =G93*J93 -> 815.45367 | I93: =ROUND(F93*H93,2) -> 70944.47 | J93: 1.2993 | K93: =UPPER(D93) -> CAIXA SIFONADA ESPECIAL DE ALV. BLOCO CONC.9X19X39CM, DIM 60X60CM E HMÁX=1M, C/ TAMPA EM CONCRETO ESP.5CM, LASTRO CONC.ESP.10CM, REVEST. INTERN. C/CHAP. E REB. IMPERMEAB. ESCAV, REATERRO E CURVA CURTA C/ VISITA E PLUG EM PVC 100MM
A94: 14.4 | B94: LABOR | C94: 170329 | D94: REGISTRO DE GAVETA COM CANOPLA CROMADA DIAM. 25MM (1"), MARCAS DE REFERÊNCIA FABRIMAR, DECA OU DOCOL | E94: UNIDADE | F94: ='MEMORIA DE CÁLCULO'!J593 -> 47 | G94: 194.34 | H94: =G94*J94 -> 252.50596 | I94: =ROUND(F94*H94,2) -> 11867.78 | J94: 1.2993 | K94: =UPPER(D94) -> REGISTRO DE GAVETA COM CANOPLA CROMADA DIAM. 25MM (1"), MARCAS DE REFERÊNCIA FABRIMAR, DECA OU DOCOL
A95: 14.5 | B95: LABOR | C95: 140702 | D95: PONTO COM REGISTRO DE PRESSÃO (CHUVEIRO, CAIXA DE DESCARGA, ETC...) | E95: UNIDADE | F95: ='MEMORIA DE CÁLCULO'!J594 -> 12 | G95: 238.91 | H95: =G95*J95 -> 310.41576 | I95: =ROUND(F95*H95,2) -> 3724.99 | J95: 1.2993 | K95: =UPPER(D95) -> PONTO COM REGISTRO DE PRESSÃO (CHUVEIRO, CAIXA DE DESCARGA, ETC...)
A96: 14.6 | B96: LABOR | C96: 141410 | D96: TUBO DE PVC RÍGIDO SOLDÁVEL MARROM, DIÂM. 25MM (3/4"), INCLUSIVE CONEXÕES | E96: M | F96: ='MEMORIA DE CÁLCULO'!J595 -> 1477.61 | G96: 24.44 | H96: =G96*J96 -> 31.754892 | I96: =ROUND(F96*H96,2) -> 46921.35 | J96: 1.2993 | K96: =UPPER(D96) -> TUBO DE PVC RÍGIDO SOLDÁVEL MARROM, DIÂM. 25MM (3/4"), INCLUSIVE CONEXÕES
A97: 14.7 | B97: LABOR | C97: 141411 | D97: TUBO DE PVC RIGIDO SOLDÁVEL MARROM, DIÂM. 32MM (1"), INCLUSIVE CONEXÕES | E97: M | F97: ='MEMORIA DE CÁLCULO'!J596 -> 196.33 | G97: 34.26 | H97: =G97*J97 -> 44.514018 | I97: =ROUND(F97*H97,2) -> 8739.44 | J97: 1.2993 | K97: =UPPER(D97) -> TUBO DE PVC RIGIDO SOLDÁVEL MARROM, DIÂM. 32MM (1"), INCLUSIVE CONEXÕES
A98: 14.8 | B98: LABOR | C98: 141413 | D98: TUBO DE PVC RÍGIDO SOLDÁVEL MARROM, DIÂM. 50MM (11/2"), INCLUSIVE CONEXÕES | E98: M | F98: ='MEMORIA DE CÁLCULO'!J597 -> 99.7 | G98: 50.03 | H98: =G98*J98 -> 65.003979 | I98: =ROUND(F98*H98,2) -> 6480.9 | J98: 1.2993 | K98: =UPPER(D98) -> TUBO DE PVC RÍGIDO SOLDÁVEL MARROM, DIÂM. 50MM (11/2"), INCLUSIVE CONEXÕES
A99: 14.9 | B99: LABOR | C99: 141412 | D99: TUBO DE PVC RÍGIDO SOLDÁVEL MARROM, DIÂM. 40MM (11/4"), INCLUSIVE CONEXÕES | E99: M | F99: ='MEMORIA DE CÁLCULO'!J598 -> 160.46 | G99: 46.06 | H99: =G99*J99 -> 59.845758 | I99: =ROUND(F99*H99,2) -> 9602.85 | J99: 1.2993 | K99: =UPPER(D99) -> TUBO DE PVC RÍGIDO SOLDÁVEL MARROM, DIÂM. 40MM (11/4"), INCLUSIVE CONEXÕES
A100: 14.1 | B100: LABOR | C100: 141907 | D100: TUBO DE PVC RÍGIDO SOLDÁVEL BRANCO, PARA ESGOTO, DIÂMETRO 50MM (2"), INCLUSIVE CONEXÕES | E100: M | F100: ='MEMORIA DE CÁLCULO'!J599 -> 64.6 | G100: 46.2 | H100: =G100*J100 -> 60.02766 | I100: =ROUND(F100*H100,2) -> 3877.79 | J100: 1.2993 | K100: =UPPER(D100) -> TUBO DE PVC RÍGIDO SOLDÁVEL BRANCO, PARA ESGOTO, DIÂMETRO 50MM (2"), INCLUSIVE CONEXÕES
...

Sheet MEMORIA DE CÁLCULO
A1: MEMÓRIA DE CÁLCULO - PREFEITURA MUNICIPAL DE VILA PAVÃO
A2: ITEM | B2: DATA BASE: SINAPI OUTUBRO/2022 - DER-EDI OUTUBRO/2022 - DER-ROD JAN/2022 - SEINFRA PINI TCPO PINI OUTUBRO/2022 BDI: 29,93 % BDI DIFERENCIADO: 15,57 % L.S. NÃO-DESONERADAS: 157,27% | C2: UNIDADE | D2: LARGURA (m) | E2: COMP./ PERÍMETRO (m) | F2: ÁREA (m²) | G2: VOLUME (m³) | H2: PESO (kg) | I2: ALTURA (m) | J2: TOTAL | K2: UNIDADE
A3: 1 | B3: LICITAÇÃO
A4: 2 | B4: INSTALAÇÃO DO CANTEIRO DE OBRA
A5: 2.1 | B5: PLACA DE OBRA NAS DIMENSÕES 2.0X4.0M, PADRÃO IOPES | F5: 8 | J5: =F5 -> 8 | K5: M2
A6: 2.2 | B6: BARRACÃO PARA ESCRITÓRIO COM SANITÁRIO ÁREA DE 14.50 M2, DE CHAPA DE COMPENS. 12MM E PONTALETE 8X8CM, PISO CIMENTADO E COBERTURA DE TELHA DE FIBROC. 6MM, INCL. PONTO DE LUZ E CX. DE INSPEÇÃO, CONF. PROJETO (1 UTILIZAÇÃO) | F6: 8 | J6: =F6 -> 8 | K6: M2
A7: 2.3 | B7: BARRACÃO PARA ALMOXARIFADO ÁREA DE 10.90M2, DE CHAPA DE COMPENSADO DE 12MM E PONTALETE 8X8CM, PISO CIMENTADO E COBERTURA DE TELHAS DE FIBROCIMENTO DE 6MM, INCL. PONTO DE LUZ, CONF. PROJETO (1 UTILIZAÇÃO) | F7: 8 | J7: =F7 -> 8 | K7: M2
A8: 2.4 | B8: REDE DE LUZ, INCL. PADRÃO ENTRADA DE ENERGIA TRIFÁS., CABO DE LIGAÇÃO ATÉ BARRACÕES, QUADRO DE DISTRIB., DISJ. E CHAVE DE FORÇA (QUANDO NECESSÁRIO), CONS. 20M ENTRE PADRÃO ENTRADA E QDG, CONF. PROJETO (1 UTILIZAÇÃO | E8: 20 | J8: =E8 -> 20 | K8: M
A9: 2.5 | B9: PADRÃO DE ENTRADA D' ÁGUA COM CAVALETE DE PVC PARA HIDRÔMETRO COM DIÂMETRO DE 3/4" - PADRÃO 1C DA CESAN. INSTALADO EM VÃO DE MURO PROTEGIDO COM GRADEAMENTO. INCLUSIVE BASE DE CONCRETO MAGRO, TUBULAÇÃO, CONEXÕES E REGISTRO. CONFERIR DETALHE. POR QUE SAO ITENS QUE TEM QUE TER NO CANTEIRO | C9: 1 | J9: =C9 -> 1 | K9: UNIDADE
A10: 2.6 | B10: TAPUME TELHA METÁLICA ONDULADA 0,50MM BRANCA H=2,20M, INCL. MONTAGEM ESTR. MAD. 8"X8", C/ADESIVO "IOPES" 60X60CM A CADA 10M, INCL. FAIXAS PINT. ESMALTE SINT. CORES AZUL C/ H=30CM E ROSA C/ H=10CM | J10: =SUM(E12:E15) -> 321.35 | K10: M
B11: PERÍMETRO DO TERRENO A 1M DO MURO Á CONSTRUIR:
B12: VISTA FRONTAL: L=101.9M | E12: 101.9
B13: VISTA POSTERIOR: L=114.55M | E13: 114.55
B14: VISTA LATERAL ESQUERDA: L=50M | E14: 50
B15: VISTA LATERAL DIREITA: L=54.9M | E15: 54.9
A16: 3.7 | B16: LOCACAO CONVENCIONAL DE OBRA, UTILIZANDO GABARITO DE TÁBUAS CORRIDAS PONTALETADAS A CADA 2,00M - 2 UTILIZAÇÕES. AF_10/2018 | J16: =E17 -> 274.7 | K16: M
B17: PERÍMETRO DA EDIFICAÇÃO = 274.70M | E17: 274.7
A18: 4 | B18: MOVIMENTAÇÃO DE TERRA
A19: 4.1 | B19: EXECUÇÃO E COMPACTAÇÃO DE ATERRO COM SOLO PREDOMINANTEMENTE ARGILOSO EXCLUSIVE SOLO, ESCAVAÇÃO, CARGA E TRANSPORTE. AF_11/2019 | J19: =G20 -> 6027.5 | K19: M3
B20: VOLUME DE SOLO PARA COMPACTAÇÃO DE TODO O TERRENO (INCLUSIVE ÁREA DE TODOS OS AMBIENTES)= A=4822M² X HMÉDIO=1.25M | G20: 6027.5
A21: 4.2 | B21: 'ESCAVAÇÃO MECÂNICA EM MATERIAL DE 2A. CATEGORIA | J21: =SUM(G22:G28) -> 2236.5475 | K21: M3
B22: BASE PARA CASTELO D'AGUA - PRANCHA 0844-B-001-EST-R00 - ESCAVAÇÃO = ÁREA DE BASE + 50CM DE CADA LADO X ALTURA | G22: 6.63
B23: MURO DE ARRIMO POR GABIÃO - PRANCHA 0844-A-001-EST-R02 - ESCAVAÇÃO = ÁREA DE BASE + 50CM DE CADA LADO X ALTURA | G23: 192.5
B24: RESERVATÓRIO ENTERRADO - PRANCHA 0844-C-001-EST-R00 - ESCAVAÇÃO = ÁREA DE BASE + 50CM DE CADA LADO X ALTURA | G24: 169.26
B25: EDIFICAÇÃO PRINCIPAL - PRANCHA 0844-006-EST-R02 - ESCAVAÇÃO = ÁREA DE BASE SAPATAS + 50CM DE CADA LADO X ALTURA | G25: 1626.32
B26: EDIFICAÇÃO PRINCIPAL - PRANCHA 0844-006-EST-R02 - ESCAVAÇÃO = ÁREA DE BASE CINTAS + 50CM DE CADA LADO X ALTURA | G26: 90.76
B27: MURO DE ARRIMO 02 | E27: 19.3 | F27: 1.505 | G27: =F27*E27 -> 29.0465
B28: MURO DE ARRIMO 03 | E28: 44.7 | F28: 2.73 | G28: =F28*E28 -> 122.031
A29: 4.3 | B29: REATERRO APILOADO DE CAVAS DE FUNDAÇÃO, EM CAMADAS DE 20 CM | J29: =SUM(G30:G33) -> 1623.2375 | K29: M3
B30: RESERVATÓRIO ENTERRADO - PRANCHA 0844-C-001-EST-R00 | G30: =169.26-146.22 -> 23.04
B31: EDIFICAÇÃO PRINCIPAL - PRANCHA 0844-006-EST-R02 - SAPATAS E PILARETES | G31: =G25-G48-G51 -> 1504.62
B32: MURO DE ARRIMO 02 | G32: =G27-G52 -> 17.3465
B33: MURO DE ARRIMO 03 | G33: =G28-G53 -> 78.231
A34: 5 | B34: FUNDAÇÕES
A35: 5.1 | B35: FUNDAÇÕES
A36: 5.1.1 | B36: FORNECIMENTO, PREPARO E APLICAÇÃO DE CONCRETO MAGRO COM CONSUMO MÍNIMO DE CIMENTO DE 250 KG/M3 (BRITA 1 E 2) - (5% DE PERDAS JÁ INCLUÍDO NO CUSTO) | J36: =SUM(G37:G44) -> 176.71 | K36: M3
B37: BASE PARA CASTELO D'AGUA - PRANCHA 0844-B-001-EST-R00 CONFORME QUADRO DE QUANTITATIVOS | G37: 0.9
B38: MURO DE ARRIMO POR GABIÃO - PRANCHA 0844-A-001-EST-R02 = 110.76M X 3.00M X 0.05M | G38: 16.62
B39: RESERVATÓRIO ENTERRADO - PRANCHA 0844-C-001-EST-R00 = 12.84MX4.38MX0.05M | G39: 2.82
B40: EDIFICAÇÃO PRINCIPAL - PRANCHA 0844-003-EST-R02 E 0844-004-EST-R02 - SAPATAS ÁREA DE BASE 226.21M² X ESPESSURA DE 5CM | G40: 11.31
B41: EDIFICAÇÃO PRINCIPAL - PRANCHA 0844-006-EST-R02 - PISO DO TÉRREO ÁREA DE BASE 2576M² X ESPESSURA DE 5CM | G41: 128.8
B42: EDIFICAÇÃO PRINCIPAL - PRANCHA 0844-006-EST-R02 - CINTAS ÁREA DE BASE 179.22M² X ESPESSURA DE 5CM | G42: 8.96
B43: MURO DE ARRIMO 02 | G43: 1.93
B44: MURO DE ARRIMO 03 | G44: 5.37
A45: 5.1.2 | B45: FORNECIMENTO E APLICAÇÃO DE CONCRETO USINADO FCK=30 MPA - CONSIDERANDO LANÇAMENTO MANUAL PARA INFRA-ESTRUTURA (5% DE PERDAS JÁ INCLUÍDO NO CUSTO) | J45: =SUM(G46:G53) -> 570.95 | K45: M3
B46: BASE PARA CASTELO D'AGUA - PRANCHA 0844-B-001-EST-R00 CONFORME QUADRO DE QUANTITATIVOS | G46: 7.1
B47: RESERVATÓRIO ENTERRADO - PRANCHA 0844-C-001-EST-R00 = 12.84MX4.38MX0.05M | G47: 41.05
B48: EDIFICAÇÃO PRINCIPAL - PRANCHA 0844-006-EST-R02 - SAPATAS TABELA DE QUANTITATIVOS | G48: 93.2
B49: EDIFICAÇÃO PRINCIPAL - PRANCHA 0844-006-EST-R02 - PISO DO TABELA DE QUANTITATIVOS | G49: 253.1
B50: EDIFICAÇÃO PRINCIPAL - PRANCHA 0844-006-EST-R02 - CINTAS TABELA DE QUANTITATIVOS | G50: 92.5
B51: EDIFICAÇÃO PRINCIPAL - PRANCHA 0844-006-EST-R02 - PILARETES TABELA DE QUANTITATIVOS | G51: 28.5
B52: MURO DE ARRIMO 02 | G52: 11.7
B53: MURO DE ARRIMO 03 | G53: 43.8
A54: 5.1.3 | B54: FÔRMA DE CHAPA COMPENSADA RESINADA 12MM, LEVANDO-SE EM CONTA A UTILIZAÇÃO 3 VEZES (INCLUIDO O MATERIAL, CORTE, MONTAGEM, ESCORAMENTO E DESFÔRMA) | J54: =SUM(F55:F62) -> 2642.77 | K54: M2
B55: BASE PARA CASTELO D'AGUA - PRANCHA 0844-B-001-EST-R00 CONFORME QUADRO DE QUANTITATIVOS | F55: 6.8
B56: RESERVATÓRIO ENTERRADO - PRANCHA 0844-C-001-EST-R00 = 12.84MX4.38MX0.05M | F56: 276.67
B57: EDIFICAÇÃO PRINCIPAL - PRANCHA 0844-006-EST-R02 - SAPATAS TABELA DE QUANTITATIVOS | F57: 171.4
B58: EDIFICAÇÃO PRINCIPAL - PRANCHA 0844-006-EST-R02 - PISO DO TABELA DE QUANTITATIVOS | F58: 188.5
B59: EDIFICAÇÃO PRINCIPAL - PRANCHA 0844-006-EST-R02 - CINTAS TABELA DE QUANTITATIVOS | F59: 1256.6
B60: EDIFICAÇÃO PRINCIPAL - PRANCHA 0844-006-EST-R02 - PILARETES TABELA DE QUANTITATIVOS | F60: 397.4
B61: MURO DE ARRIMO 02 | F61: 77.2
B62: MURO DE ARRIMO 03 | F62: 268.2
A63: 5.1.4 | B63: FORNECIMENTO, DOBRAGEM E COLOCAÇÃO EM FÔRMA, DE ARMADURA CA-60 B FINA, DIÂMETRO DE 4.0 A 7.0MM | J63: =SUM(H64:H66) -> 9454 | K63: KG
B64: EDIFICAÇÃO PRINCIPAL - PRANCHA 0844-008-EST-R02 - PISO DO TABELA DE QUANTITATIVOS | H64: 7934
B65: EDIFICAÇÃO PRINCIPAL - PRANCHA 0844-008-EST-R02 E 0844-009-EST-R02 - CINTAS TABELA DE QUANTITATIVOS | H65: 64
B66: EDIFICAÇÃO PRINCIPAL - PRANCHA 0844-005-EST-R02 - PILARES TABELA DE QUANTITATIVOS | H66: 1456
A67: 5.1.5 | B67: FORNECIMENTO, DOBRAGEM E COLOCAÇÃO EM FÔRMA, DE ARMADURA CA-50 A MÉDIA, DIÂMETRO DE 6.3 A 10.0 MM | J67: =SUM(H68:H71) -> 8429 | K67: KG
B68: RESERVATÓRIO ENTERRADO - PRANCHA 0844-C-001-EST-R00 = 12.84MX4.38MX0.05M | H68: 3115
B69: EDIFICAÇÃO PRINCIPAL - PRANCHA 0844-008-EST-R02 E 0844-009-EST-R02 - CINTAS TABELA DE QUANTITATIVOS | H69: 1947
B70: EDIFICAÇÃO PRINCIPAL - PRANCHA 0844-005-EST-R02 - PILARES TABELA DE QUANTITATIVOS | H70: 229
B71: MURO DE ARRIMO 02 E 03 | H71: 3138
A72: 5.1.6 | B72: FORNECIMENTO, DOBRAGEM E COLOCAÇÃO EM FÔRMA, DE ARMADURA CA-50 A GROSSA, DIÂMETRO DE 12.5 A 25.0M | J72: =SUM(H73:H77) -> 17660 | K72: KG
B73: BASE PARA CASTELO D'AGUA - PRANCHA 0844-B-001-EST-R00 CONFORME QUADRO DE QUANTITATIVOS | H73: 841
B74: EDIFICAÇÃO PRINCIPAL - PRANCHA 0844-003-EST-R02 E 0844-004-EST-R02 - SAPATAS TABELA DE QUANTITATIVOS | H74: 3282
B75: EDIFICAÇÃO PRINCIPAL - PRANCHA 0844-008-EST-R02 - PISO DO TABELA DE QUANTITATIVOS | H75: 2134
B76: EDIFICAÇÃO PRINCIPAL - PRANCHA 0844-008-EST-R02 E 0844-009-EST-R02 - CINTAS TABELA DE QUANTITATIVOS | H76: 5018
B77: EDIFICAÇÃO PRINCIPAL - PRANCHA 0844-005-EST-R02 - PILARES TABELA DE QUANTITATIVOS | H77: 6385
A78: 5.1.7 | B78: GABIÃO COM TELA DE ARAME GALVANIZADO, FIO 2,7MM, MALHA HEXAGONAL 8 X 10CM, TIPO CAIXA | J78: =E79 -> 113.92 | K78: M
B79: MURO DE ARRIMO POR GABIÃO - PRANCHA 0844-A-001-EST-R02 = 110.76M X 9.5M² | E79: 113.92
A80: 5.2 | B80: SUPER-ESTRUTURA
A81: 5.2.1 | B81: FORNECIMENTO E APLICAÇÃO DE CONCRETO USINADO FCK=30 MPA - CONSIDERANDO BOMBEAMENTO (5% DE PERDAS JÁ INCLUÍDO NO CUSTO) (6% DE TAXA P/ CONCR. BOMBEAVEL) | J81: =SUM(G82:G84) -> 504.7 | K81: M3
B82: EDIFICAÇÃO PRINCIPAL - PRANCHA 0844-010-EST-R02 - PILARES TABELA DE QUANTITATIVOS | G82: 41.3
B83: EDIFICAÇÃO PRINCIPAL - PRANCHA 0844-010-EST-R02 - VIGAS TABELA DE QUANTITATIVOS | G83: 140.5
B84: EDIFICAÇÃO PRINCIPAL - PRANCHA 0844-010-EST-R02 - LAJES MACIÇAS TABELA DE QUANTITATIVOS | G84: 322.9
A85: 5.2.2 | B85: FÔRMA EM CHAPA DE MADEIRA COMPENSADA PLASTIFICADA 12MM PARA ESTRUTURA EM GERAL, 5 REAPROVEITAMENTOS, REFORÇADA COM SARRAFOS DE MADEIRA 2.5X10CM (INCL MATERIAL, CORTE, MONTAGEM, ESCORAS EM EUCALIPTO E DESFORMA) | J85: =SUM(F86:F88) -> 2785.6 | K85: M2
B86: EDIFICAÇÃO PRINCIPAL - PRANCHA 0844-010-EST-R02 - PILARES TABELA DE QUANTITATIVOS | F86: 571.9
B87: EDIFICAÇÃO PRINCIPAL - PRANCHA 0844-010-EST-R02 - VIGAS TABELA DE QUANTITATIVOS | F87: 1318.9
B88: EDIFICAÇÃO PRINCIPAL - PRANCHA 0844-010-EST-R02 - LAJES TABELA DE QUANTITATIVOS | F88: 894.8
A89: 5.2.3 | B89: FORNECIMENTO, DOBRAGEM E COLOCAÇÃO EM FÔRMA, DE ARMADURA CA-60 B FINA, DIÂMETRO DE 4.0 A 7.0MM | J89: =H90 -> 1023 | K89: KG
B90: EDIFICAÇÃO PRINCIPAL - PRANCHA 0844-018-EST-R02 À 0844-027-EST-R02 - VIGAS TABELA DE QUANTITATIVOS | H90: 1023
A91: 5.2.4 | B91: FORNECIMENTO, DOBRAGEM E COLOCAÇÃO EM FÔRMA, DE ARMADURA CA-50 A MÉDIA, DIÂMETRO DE 6.3 A 10.0 MM | J91: =SUM(H92:H93) -> 28397 | K91: KG
B92: EDIFICAÇÃO PRINCIPAL - PRANCHA 0844-012-EST-R02, 0844-013-EST-R02, 0844-014-EST-R02, 0844-015-EST-R02-EST-R02 E 0844-017-EST-R02 - LAJES TABELA DE QUANTITATIVOS | H92: 22483
B93: EDIFICAÇÃO PRINCIPAL - PRANCHA 0844-018-EST-R02 À 0844-027-EST-R02 - VIGAS TABELA DE QUANTITATIVOS | H93: 5914
A94: 5.2.5 | B94: FORNECIMENTO, DOBRAGEM E COLOCAÇÃO EM FÔRMA, DE ARMADURA CA-50 A GROSSA, DIÂMETRO DE 12.5 A 25.0M | J94: =SUM(H95:H96) -> 32498 | K94: KG
B95: EDIFICAÇÃO PRINCIPAL - PRANCHA 0844-012-EST-R02, 0844-013-EST-R02, 0844-014-EST-R02, 0844-015-EST-R02-EST-R02 E 0844-017-EST-R02 - LAJES TABELA DE QUANTITATIVOS | H95: 22194
B96: EDIFICAÇÃO PRINCIPAL - PRANCHA 0844-018-EST-R02 À 0844-027-EST-R02 - VIGAS TABELA DE QUANTITATIVOS | H96: 10304
A97: 5.2.6 | B97: LAJE PRÉ-MOLDADA, COM EPS, INCLUSIVE CAPEAMENTO E = 4 CM, SC = 200 KG/M2, L = 8,00 M | J97: =SUM(E98:E105) -> 2653.85 | K97: M2
B98: BLOCO 1 | E98: 331.86
B99: BLOCO 2 | E99: 331.86
B100: BLOCO 3 | E100: 623.7
...

Sheet COMPOSIÇÃO DE CUSTO
A1: PLANILHA DE COMPOSIÇÃO DE CUSTOS UNITÁRIOS
A2: PREFEITURA MUNICIPAL DE VILA PAVÃO
A3: Data: OUTUBRO/2022
A5: COMPOSIÇÃO 01 | B5: GABIÃO COM TELA DE ARAME GALVANIZADO, FIO 2,7MM, MALHA HEXAGONAL 8 X 10CM, TIPO CAIXA | E5: Unidade: | F5: M
A6: 3R 33 33 37 00 00 00 00 15 PINI
A7: Insumos | C7: Unidade | D7: Consumo | E7: Custo Unitário | F7: Custo Total
A8: 2C 02 05 04 00 03 PINI | B8: GABIÃO TIPO CAIXA TELA DE AÇO REVESTIDA COM GALFAN Ø 2,7 MM 1 X 1 M | C8: m³ | D8: 6.5 | E8: 383.25 | F8: =D8*E8 -> 2491.125
A9: 00004730 SINAPI | B9: PEDRA DE MAO OU PEDRA RACHAO PARA ARRIMO/FUNDACAO (POSTO PEDREIRA/FORNECEDOR, SEM FRETE) | C9: m³ | D9: 7.8 | E9: 115.5 | F9: =D9*E9 -> 900.9
A10: 3R 50 50 46 14 00 00 22 01 PINI | B10: RETROESCAVADEIRA SOBRE PNEUS 75 HP - 56 KW, CAÇAMBA DIANTEIRA, 0,76 M³, RETRO, 0,22 M³, PROFUNDIDADE DE ESCAVAÇÃO DE 4,3 M | C10: h produ | D10: 1.29 | E10: 141.28 | F10: =D10*E10 -> 182.2512
A11: LABOR 010146 | B11: SERVENTE (AUXILIAR DE OBRAS - SINDUSCON)(LABOR) | C11: H | D11: 17.4 | E11: 14.05 | F11: =D11*E11 -> 244.47
A12: Custo total | F12: =SUM(F8:F11) -> 3818.7462
A14: COMPOSIÇÃO 02 | B14: LAJE PRÉ-MOLDADA, A REVESTIR, INCLUSIVE CAPEAMENTO E = 4 CM, SC = 200 KG/M2, L = 8,00 M | C14: LIGAÇÃO PROVISÓRIA DE LUZ E FORÇA-PADRÃO PROVISÓRIO | D14: LIGAÇÃO PROVISÓRIA DE LUZ E FORÇA-PADRÃO PROVISÓRIO | E14: Unidade: | F14: M2
A15: ADAPTADO SEDOP ED-050771 | B15: LIGAÇÃO PROVISÓRIA DE LUZ E FORÇA-PADRÃO PROVISÓRIO | C15: LIGAÇÃO PROVISÓRIA DE LUZ E FORÇA-PADRÃO PROVISÓRIO | D15: LIGAÇÃO PROVISÓRIA DE LUZ E FORÇA-PADRÃO PROVISÓRIO
A16: Insumos | C16: Unidade | D16: Consumo | E16: Custo Unitário | F16: Custo Total
A17: D00352 SEDOP | B17: LAJE PRÉ-MOLDADA, AREVESTIR SC = 200 KG/M2, L = 8,0 M | C17: M2 | D17: 1.05 | E17: 106 | F17: =D17*E17 -> 111.3
A18: LABOR 010139 | B18: PEDREIRO - (OFICIAL - SINDUSCON) (LABOR) | C18: H | D18: 0.5 | E18: 19.12 | F18: =D18*E18 -> 9.56
A19: LABOR 010146 | B19: SERVENTE (AUXILIAR DE OBRAS - SINDUSCON)(LABOR) | C19: H | D19: 0.5 | E19: 14.05 | F19: =D19*E19 -> 7.025
A20: Custo total | F20: =SUM(F17:F19) -> 127.885
A22: COMPOSIÇÃO 03 | B22: FORNECIMENTO E INSTALAÇÃO DE PORTA CORTA-FOGO PARA SAÍDA DE EMERGÊNCIA DIM.: 160X210X5CM, CONFORME ABNT NBR 11742P, CLASSE P-90, INCL. MARCO, 3 PARES DE DOBRADIÇAAS C/MOLA, BARRA ANTI-PANICO, PINTURA ESMALTE SINTETICO COR VERMELHA | E22: Unidade: | F22: UNIDADE
A23: ADAPTADO LABOR 160665
A24: Insumos | C24: Unidade | D24: Consumo | E24: Custo Unitário | F24: Custo Total
A25: LABOR 038001 | B25: AGUARRAZ MINERAL (LABOR) | C25: L | D25: =0.126*1.6 -> 0.2016 | E25: 14.17 | F25: =D25*E25 -> 2.856672
A26: LABOR 020503 | B26: AREIA LAVADA MEDIA (LABOR) | C26: M3 | D26: =0.006426*1.6 -> 0.0102816 | E26: 90 | F26: =D26*E26 -> 0.925344
A27: LABOR 020508 | B27: CIMENTO PORTLAND CP III - 40 (LABOR) | C27: KG | D27: =2.122281*1.6 -> 3.3956496 | E27: 0.46 | F27: =D27*E27 -> 1.5619988
A28: LABOR 037502 | B28: ESMALTE SINTETICO (LABOR) | C28: L | D28: =1.134*1.6 -> 1.8144 | E28: 31.57 | F28: =D28*E28 -> 57.280608
A29: LABOR 038012 | B29: LIXA P/ FERRO Nº 100 K-246 225X275MM - NORTON OU EQUIVALENTE (LABOR) | C29: UNIDADE | D29: =1.575*1.6 -> 2.52 | E29: 3.13 | F29: =D29*E29 -> 7.8876
A30: LABOR 150706 | B30: PORTA CORTA FOGO COM BARRA ANTIPANICO 1.00 X 2.10 (LABOR) | C30: UNIDADE | D30: =1*1.6 -> 1.6 | E30: 2146.48 | F30: =D30*E30 -> 3434.368
A31: LABOR 038028 | B31: ZARCAO (LABOR) | C31: L | D31: =0.693*1.6 -> 1.1088 | E31: 21.76 | F31: =D31*E31 -> 24.127488
A32: LABOR 010101 | B32: AJUDANTE (AJUDANTE PRATICO - SINDUSCON)(LABOR) | C32: H | D32: =1.26*1.6 -> 2.016 | E32: 16.13 | F32: =D32*E32 -> 32.51808
A33: LABOR 010139 | B33: PEDREIRO - (OFICIAL - SINDUSCON) (LABOR) | C33: H | D33: =3.835752*1.6 -> 6.1372032 | E33: 19.12 | F33: =D33*E33 -> 117.34333
A34: LABOR 010140 | B34: PINTOR -(OFICIAL - SINDUSCON) (LABOR) | C34: H | D34: =2.52*1.6 -> 4.032 | E34: 19.12 | F34: =D34*E34 -> 77.09184
A35: LABOR 010146 | B35: SERVENTE (AUXILIAR DE OBRAS - SINDUSCON)(LABOR) | C35: H | D35: =4.631873*1.6 -> 7.4109968 | E35: 14.05 | F35: =D35*E35 -> 104.12451
A36: Custo total | F36: =SUM(F25:F35) -> 3860.0855
A38: COMPOSIÇÃO 04 | B38: FORNECIMENTO E INSTALAÇÃO DE PORTA CORTA-FOGO PARA SAÍDA DE EMERGÊNCIA DIM.: 80X210X5CM, CONFORME ABNT NBR 11742P, CLASSE P-90, INCL. MARCO, 3 PARES DE DOBRADIÇAAS C/MOLA, BARRA ANTI-PANICO, PINTURA ESMALTE SINTETICO COR VERMELHA | E38: Unidade: | F38: UNIDADE
A39: ADAPTADO LABOR 160665
A40: Insumos | C40: Unidade | D40: Consumo | E40: Custo Unitário | F40: Custo Total
A41: LABOR 038001 | B41: AGUARRAZ MINERAL (LABOR) | C41: L | D41: =0.126*0.8 -> 0.1008 | E41: 14.17 | F41: =D41*E41 -> 1.428336
A42: LABOR 020503 | B42: AREIA LAVADA MEDIA (LABOR) | C42: M3 | D42: =0.006426*0.8 -> 0.0051408 | E42: 90 | F42: =D42*E42 -> 0.462672
A43: LABOR 020508 | B43: CIMENTO PORTLAND CP III - 40 (LABOR) | C43: KG | D43: =2.122281*0.8 -> 1.6978248 | E43: 0.46 | F43: =D43*E43 -> 0.78099941
A44: LABOR 037502 | B44: ESMALTE SINTETICO (LABOR) | C44: L | D44: =1.134*0.8 -> 0.9072 | E44: 31.57 | F44: =D44*E44 -> 28.640304
A45: LABOR 038012 | B45: LIXA P/ FERRO Nº 100 K-246 225X275MM - NORTON OU EQUIVALENTE (LABOR) | C45: UNIDADE | D45: =1.575*0.8 -> 1.26 | E45: 3.13 | F45: =D45*E45 -> 3.9438
A46: LABOR 150706 | B46: PORTA CORTA FOGO COM BARRA ANTIPANICO 1.00 X 2.10 (LABOR) | C46: UNIDADE | D46: =1*0.8 -> 0.8 | E46: 2146.48 | F46: =D46*E46 -> 1717.184
A47: LABOR 038028 | B47: ZARCAO (LABOR) | C47: L | D47: =0.693*0.8 -> 0.5544 | E47: 21.76 | F47: =D47*E47 -> 12.063744
A48: LABOR 010101 | B48: AJUDANTE (AJUDANTE PRATICO - SINDUSCON)(LABOR) | C48: H | D48: =1.26*0.8 -> 1.008 | E48: 16.13 | F48: =D48*E48 -> 16.25904
A49: LABOR 010139 | B49: PEDREIRO - (OFICIAL - SINDUSCON) (LABOR) | C49: H | D49: =3.835752*0.8 -> 3.0686016 | E49: 19.12 | F49: =D49*E49 -> 58.671663
A50: LABOR 010140 | B50: PINTOR -(OFICIAL - SINDUSCON) (LABOR) | C50: H | D50: =2.52*0.8 -> 2.016 | E50: 19.12 | F50: =D50*E50 -> 38.54592
A51: LABOR 010146 | B51: SERVENTE (AUXILIAR DE OBRAS - SINDUSCON)(LABOR) | C51: H | D51: =4.631873*0.8 -> 3.7054984 | E51: 14.05 | F51: =D51*E51 -> 52.062253
A52: Custo total | F52: =SUM(F41:F51) -> 1930.0427
A54: COMPOSIÇÃO 05 | B54: CHAPIM DE CONCRETO PRÉ-MOLDADO | E54: Unidade: | F54: M2
A55: ADAPTADO ORSE 08637
A56: Insumos | C56: Unidade | D56: Consumo | E56: Custo Unitário | F56: Custo Total
A57: LABOR 040328 | B57: FORNECIMENTO, DOBRAGEM E COLOCAÇÃO EM FÔRMA, DE ARMADURA CA-50 A MÉDIA, DIÂMETRO DE 6.3 A 10.0 MM | C57: KG | D57: 0.8 | E57: 11.65 | F57: =D57*E57 -> 9.32
A58: LABOR 040322 | B58: FORNECIMENTO, PREPARO E APLICAÇÃO DE CONCRETO FCK=20 MPA (BRITA 1 E 2) - (5% DE PERDAS JÁ INCLUÍDO NO CUSTO) | C58: M3 | D58: 0.01 | E58: 654.16 | F58: =D58*E58 -> 6.5416
A59: LABOR 040337 | B59: FÔRMA EM CHAPA DE MADEIRA COMPENSADA PLASTIFICADA 12MM PARA ESTRUTURA EM GERAL, 5 REAPROVEITAMENTOS, REFORÇADA COM SARRAFOS DE MADEIRA 2.5X10CM (INCL MATERIAL, CORTE, MONTAGEM, ESCORAS EM EUCALIPTO E DESFORMA) | C59: M2 | D59: 0.35 | E59: 104.2 | F59: =D59*E59 -> 36.47
A60: Custo total | F60: =SUM(F57:F59) -> 52.3316
A62: COMPOSIÇÃO 06 | B62: BRISE METÁLICO SM-84 COR PRATA OU SIMILAR, COM ESTRUTURA E MONTAGEM | E62: Unidade: | F62: M2
A63: ADAPTADO ORSE 12182
A64: Insumos | C64: Unidade | D64: Consumo | E64: Custo Unitário | F64: Custo Total
A65: ORSE 12182 | B65: BRISE METÁLICO SM-84 COR PRATA OU SIMILAR, COM ESTRUTURA E MONTAGEM | C65: M2 | D65: 1 | E65: 390 | F65: =D65*E65 -> 390
A66: Custo total | F66: =SUM(F65:F65) -> 390
A68: COMPOSIÇÃO 07 | B68: REFLETOR SLIM LED 100W DE POTÊNCIA, BRANCO FRIO, 6500K, AUTOVOLT, MARCA G-LIGHT OU SIMILAR | E68: Unidade: | F68: UNIDADE
A69: ADAPTADO 13148 ORSE
A70: Insumos | C70: Unidade | D70: Consumo | E70: Custo Unitário | F70: Custo Total
A71: 01691 ORSE | B71: PARAFUSO METAL 2 1/2" X 12 P/ BUCHA S-10 | C71: Und | D71: 2 | E71: 0.73 | F71: =D71*E71 -> 1.46
A72: 13791 ORSE | B72: REFLETOR SLIM LED 100W DE POTÊNCIA, BRANCO FRIO, 6500K, AUTOVOLT, MARCA G-LIGHT OU SIMILAR | C72: Und | D72: 1 | E72: 160.35 | F72: =D72*E72 -> 160.35
A73: SINAPI 88247 | B73: AUXILIAR DE ELETRICISTA COM ENCARGOS COMPLEMENTARES | C73: H | D73: 0.3 | E73: 25.11 | F73: =D73*E73 -> 7.533
A74: SINAPI 88264 | B74: ELETRICISTA COM ENCARGOS COMPLEMENTARES | C74: H | D74: 0.5 | E74: 28.62 | F74: =D74*E74 -> 14.31
A75: Custo total | F75: =SUM(F71:F74) -> 183.653
A77: COMPOSIÇÃO 08 | B77: PORTA DE MADEIRA 0,80 X 2,10 M, INTERNA, COM BATENTE, GUARNIÇÃO E FERRAGEM | C77: LIGAÇÃO PROVISÓRIA DE LUZ E FORÇA-PADRÃO PROVISÓRIO | D77: LIGAÇÃO PROVISÓRIA DE LUZ E FORÇA-PADRÃO PROVISÓRIO | E77: Unidade: | F77: UNIDADE
A78: ADAPTADO TCPO PINI 3R 09 15 00 00 00 00 05 34 | B78: LIGAÇÃO PROVISÓRIA DE LUZ E FORÇA-PADRÃO PROVISÓRIO | C78: LIGAÇÃO PROVISÓRIA DE LUZ E FORÇA-PADRÃO PROVISÓRIO | D78: LIGAÇÃO PROVISÓRIA DE LUZ E FORÇA-PADRÃO PROVISÓRIO
A79: Insumos | C79: Unidade | D79: Consumo | E79: Custo Unitário | F79: Custo Total
A80: LABOR 010111 | B80: CARPINTEIRO (OFICIAL - SINDUSCON) (LABOR) | C80: H | D80: 3.75 | E80: 19.12 | F80: =D80*E80 -> 71.7
A81: LABOR 010139 | B81: PEDREIRO - (OFICIAL - SINDUSCON) (LABOR) | C81: H | D81: 1.4 | E81: 19.12 | F81: =D81*E81 -> 26.768
A82: LABOR 010146 | B82: SERVENTE (AUXILIAR DE OBRAS - SINDUSCON)(LABOR) | C82: H | D82: 1.4 | E82: 14.05 | F82: =D82*E82 -> 19.67
A83: LABOR 0010101 | B83: AJUDANTE (AJUDANTE PRATICO - SINDUSCON)(LABOR) | C83: H | D83: 3.75 | E83: 16.13 | F83: =D83*E83 -> 60.4875
A84: PINI 2C 03 02 02 11 05 | B84: AREIA MÉDIA LAVADA | C84: M3 | D84: 0.0106 | E84: 142.45 | F84: =D84*E84 -> 1.50997
A85: PINI 2C 03 03 02 11 06 | B85: CIMENTO CP-32 | C85: KG | D85: 1.72 | E85: 0.74 | F85: =D85*E85 -> 1.2728
A86: PINI 2C 03 03 02 13 04 | B86: CAL HIDRATADA CH III | C86: KG | D86: 1.72 | E86: 0.69 | F86: =D86*E86 -> 1.1868
A87: PINI 2C 03 08 02 13 35 | B87: PARAFUSO CABEÇA CHATA FENDA SIMPLES ZINCADO BRANCO PARA MADEIRA COMPRIMENTO Ø 6 MM X 90 MM | C87: UNIDADE | D87: 8 | E87: 0.82 | F87: =D87*E87 -> 6.56
A88: PINI 2C 03 08 02 13 56 | B88: PREGO COM CABEÇA 16 X 24, 55 MM X Ø 2,7 MM | C88: KG | D88: 0.25 | E88: 34.93 | F88: =D88*E88 -> 8.7325
A89: PINI 2C 04 05 03 11 08 | B89: TACO DE PEROBA PARA INSTALAÇÃO DE PORTAS E JANELAS ALTURA 60 X 50 X 15 MM | C89: UNIDADE | D89: 6 | E89: 3.7 | F89: =D89*E89 -> 22.2
A90: PINI 2C 05 02 02 00 05 | B90: DOBRADIÇA DE AÇO PINO SOLTO PARA PORTA 3" X 2 1/2" | C90: UNIDADE | D90: 3 | E90: 15.77 | F90: =D90*E90 -> 47.31
A91: PINI 2C 05 02 04 00 03 | B91: BATENTE DE PEROBA PARA PORTA DE 1 FOLHA 3,5 CM X 14 CM X 5,40 M DE PERÍMETRO | C91: UNIDADE | D91: 1 | E91: 198.73 | F91: =D91*E91 -> 198.73
... A94: PINI 2C 05 06 02 21 06 | B94: FECHADURA EM LATÃO COMPLETA TIPO GORGE COM GUARNIÇÃO TIPO ESPELHO E MAÇANETA TIPO ALAVANCA PARA PORTA INTERNA ENCAIXE 40 MM | C94: UNIDADE | D94: 1 | E94: 101.78 | F94: =D94*E94 -> 101.78
A95: Custo total | F95: =SUM(F80:F94) -> 1013.4576
A97: COMPOSIÇÃO 09 | B97: CERCA/GRADIL NYLOFOR H=2,03M, MALHA 5 X 20CM - FIO 4,30MM, COM FIXADORES DE POLIAMIDA EM POSTE 40 x 60 MM CHUMBADOS EM BASE DE CONCRETO (EXCLUSIVE ESTA) , REVESTIDOS EM POLIESTER POR PROCESSO DE PINTURA ELETROSTÁTICA (GRADIL E POSTE), NAS CORES VERDE OU BRANCA - FORNECIMENTO E INSTALAÇÃO | C97: LIGAÇÃO PROVISÓRIA DE LUZ E FORÇA-PADRÃO PROVISÓRIO | D97: LIGAÇÃO PROVISÓRIA DE LUZ E FORÇA-PADRÃO PROVISÓRIO | E97: Unidade: | F97: M
A98: ADAPTADO SEINFRA C4729 | B98: LIGAÇÃO PROVISÓRIA DE LUZ E FORÇA-PADRÃO PROVISÓRIO | C98: LIGAÇÃO PROVISÓRIA DE LUZ E FORÇA-PADRÃO PROVISÓRIO | D98: LIGAÇÃO PROVISÓRIA DE LUZ E FORÇA-PADRÃO PROVISÓRIO
A99: Insumos | C99: Unidade | D99: Consumo | E99: Custo Unitário | F99: Custo Total
A100: SEINFRA I9048 | B100: FIXADOR POLIAMIDA PARA POSTE, NAS CORES VERDE OU BRANCA | C100: UNIDAE | D100: 2.4 | E100: 5.51 | F100: =D100*E100 -> 13.224
A101: SEINFRA I9049 | B101: SERVIÇO - COLOCAÇÃO E MONTAGEM DE CERCA/GRADIL NYLOFOR | C101: M2 | D101: 2.03 | E101: 16.54 | F101: =D101*E101 -> 33.5762
A102: SEINFRA I9046 | B102: POSTE 40 x 60 MM, PINTURA ELETROSTÁTICA EM POLIESTER, NAS CORES VERDE OU BRANCA ( H=2,50M - COM TAMPA) CHUMBADO | C102: UNIDADE | D102: 0.4 | E102: 93.71 | F102: =D102*E102 -> 37.484
A103: SEINFRA I9043 | B103: PAINEL NYLOFOR 2,03M x 2,5M (A X L) - MALHA 5 x 20 CM - FIO 4,30MM, REVESTIDO EM POLIESTER POR PROCESSO DE PINTURA ELETROSTÁTICA, NAS CORES VERDE OU BRANCA | C103: UNIDADE | D103: 0.4 | E103: 424.46 | F103: =D103*E103 -> 169.784
A104: Custo total | F104: =SUM(F100:F103) -> 254.0682
A106: COMPOSIÇÃO 10 | B106: CADEIRA AUDITÓRIO | E106: Unidade: | F106: UNIDADE
A107: ADAPTADO LABOR
A108: Insumos | C108: Unidade | D108: Consumo | E108: Custo Unitário | F108: Custo Total
A109: C.1 | B109: CADEIRA PARA AUDITÓRIO | C109: UNIDADE | D109: 1 | E109: ='TABELA RESUMO DE COTAÇÕES'!L7 -> 1500.79 | F109: =D109*E109 -> 1500.79
A110: LABOR 010101 | B110: AJUDANTE (AJUDANTE PRATICO - SINDUSCON)(LABOR) | C110: H | D110: 0.75 | E110: 16.13 | F110: =D110*E110 -> 12.0975
A111: LABOR 010139 | B111: PEDREIRO - (OFICIAL - SINDUSCON) (LABOR) | C111: H | D111: 1 | E111: 19.12 | F111: =D111*E111 -> 19.12
A112: Custo total | F112: =SUM(F109:F111) -> 1532.0075
...

Sheet CURVA ABC
A1: CURVA ABC - PREFEITURA MUNICIPAL DE VILA PAVÃO
A2: DATA BASE: SINAPI OUTUBRO/2022 - DER-EDI OUTUBRO/2022 - DER-ROD JAN/2022 - SEINFRA PINI TCPO PINI OUTUBRO/2022 BDI: 29,93 % BDI DIFERENCIADO: 15,57 % L.S. NÃO-DESONERADAS: 157,27%
A3: DESCRIÇÃO SERVIÇO | B3: VALOR UNITARIO | C3: PESO | D3: PESO ACUMULADO | E3: CURVA ABC
A5: =ORÇAMENTO!D26 -> GABIÃO COM TELA DE ARAME GALVANIZADO, FIO 2,7MM, MALHA HEXAGONAL 8 X 10CM, TIPO CAIXA | B5: =ORÇAMENTO!I26 -> 565236.52 | C5: =B5/'PLANILHA RESUMO'!$C$44 -> 0.051663914 | D5: =C5 -> 0.051663914 | E5: A
A6: =ORÇAMENTO!D21 -> FORNECIMENTO E APLICAÇÃO DE CONCRETO USINADO FCK=30 MPA - CONSIDERANDO LANÇAMENTO MANUAL PARA INFRA-ESTRUTURA (5% DE PERDAS JÁ INCLUÍDO NO CUSTO) | B6: =ORÇAMENTO!I21 -> 525516.15 | C6: =B6/'PLANILHA RESUMO'!$C$44 -> 0.048033381 | D6: =C6+D5 -> 0.099697296 | E6: A
A7: =ORÇAMENTO!D32 -> FORNECIMENTO, DOBRAGEM E COLOCAÇÃO EM FÔRMA, DE ARMADURA CA-50 A GROSSA, DIÂMETRO DE 12.5 A 25.0MM | B7: =ORÇAMENTO!I32 -> 510073.79 | C7: =B7/'PLANILHA RESUMO'!$C$44 -> 0.046621914 | D7: =C7+D6 -> 0.14631921 | E7: A
A8: =ORÇAMENTO!D33 -> LAJE PRÉ-MOLDADA, A REVESTIR, INCLUSIVE CAPEAMENTO E = 4 CM, SC = 200 KG/M2, L = 8,00 M | B8: =ORÇAMENTO!I33 -> 440966.32 | C8: =B8/'PLANILHA RESUMO'!$C$44 -> 0.040305333 | D8: =C8+D7 -> 0.18662454 | E8: A
A9: =ORÇAMENTO!D28 -> FORNECIMENTO E APLICAÇÃO DE CONCRETO USINADO FCK=30 MPA - CONSIDERANDO BOMBEAMENTO (5% DE PERDAS JÁ INCLUÍDO NO CUSTO) (6% DE TAXA P/ CONCR. BOMBEAVEL) | B9: =ORÇAMENTO!I28 -> 439160.27 | C9: =B9/'PLANILHA RESUMO'!$C$44 -> 0.040140256 | D9: =C9+D8 -> 0.2267648 | E9: A
A10: =ORÇAMENTO!D31 -> FORNECIMENTO, DOBRAGEM E COLOCAÇÃO EM FÔRMA, DE ARMADURA CA-50 A MÉDIA, DIÂMETRO DE 6.3 A 10.0 MM | B10: =ORÇAMENTO!I31 -> 429840.99 | C10: =B10/'PLANILHA RESUMO'!$C$44 -> 0.039288452 | D10: =C10+D9 -> 0.26605325 | E10: A
A11: =ORÇAMENTO!D29 -> FÔRMA EM CHAPA DE MADEIRA COMPENSADA PLASTIFICADA 12MM PARA ESTRUTURA EM GERAL, 5 REAPROVEITAMENTOS, REFORÇADA COM SARRAFOS DE MADEIRA 2.5X10CM (INCL MATERIAL, CORTE, MONTAGEM, ESCORAS EM EUCALIPTO E DESFORMA) | B11: =ORÇAMENTO!I29 -> 357191.69 | C11: =B11/'PLANILHA RESUMO'!$C$44 -> 0.03264814 | D11: =C11+D10 -> 0.29870139 | E11: A
A12: =ORÇAMENTO!D35 -> ALVENARIA DE BLOCOS DE CONCRETO 14X19X39CM, C/ RESIST. MÍNIMO A COMPRES. 2.5 MPA, ASSENT. C/ ARG. DE CIMENTO, CAL HIDRATADA CH1 E AREIA NO TRAÇO 1:0.5:8 ESP. DAS JUNTAS 10MM E ESP. DAS PAREDES, S/ REV. 14CM | B12: =ORÇAMENTO!I35 -> 353279 | C12: =B12/'PLANILHA RESUMO'!$C$44 -> 0.032290511 | D12: =C12+D11 -> 0.3309919 | E12: A
A13: =ORÇAMENTO!D73 -> CERÂMICA 10 X 10 CM, REF CAMBURI BRANCO ELIANE, CECRISA OU PORTOBELLO, EMPREGANDO ARGAMASSA COLANTE, INCLUSIVE REJUNTAMENTO JUNTA PLUS CINZA CLARO ESP. 3 MM | B13: =ORÇAMENTO!I73 -> 305924.65 | C13: =B13/'PLANILHA RESUMO'!$C$44 -> 0.027962215 | D13: =C13+D12 -> 0.35895412 | E13: A
A14: =ORÇAMENTO!D25 -> FORNECIMENTO, DOBRAGEM E COLOCAÇÃO EM FÔRMA, DE ARMADURA CA-50 A GROSSA, DIÂMETRO DE 12.5 A 25.0MM | B14: =ORÇAMENTO!I25 -> 277183.31 | C14: =B14/'PLANILHA RESUMO'!$C$44 -> 0.02533519 | D14: =C14+D13 -> 0.38428931 | E14: A
A15: =ORÇAMENTO!D22 -> FÔRMA DE TÁBUA DE MADEIRA DE 2.5 X 30.0 CM PARA FUNDAÇÕES, LEVANDO-SE EM CONTA A UTILIZAÇÃO 5 VEZES (INCLUIDO O MATERIAL, CORTE, MONTAGEM, ESCORAMENTO E DESFORMA) | B15: =ORÇAMENTO!I22 -> 268004.27 | C15: =B15/'PLANILHA RESUMO'!$C$44 -> 0.024496205 | D15: =C15+D14 -> 0.40878551 | E15: A
A16: =ORÇAMENTO!D65 -> ÍNDICE DE IMPERM.C/ MANTA ASFÁLTICA ATENDENDO NBR 9952, ASFALTO POLIMERIZADO ESP.3MM, REFORÇ.C/ FILME INT. POLIETILENO, REGUL. BASE C/ ARG.1:4 ESP.MÍN.15MM, PROTEÇÃO MEC. ARG.1:4 ESP.20MM E JUNTAS DILAT. | B16: =ORÇAMENTO!I65 -> 216816.97 | C16: =B16/'PLANILHA RESUMO'!$C$44 -> 0.019817568 | D16: =C16+D15 -> 0.42860308 | E16: A
A17: =ORÇAMENTO!D79 -> PISO CERÂMICO ESMALTADO, PEI 5, ACABAMENTO SEMIBRILHO, DIM. 45X45CM, REF. DE COR CARGO PLUS WHITE ELIANE/EQUIV. ASSENTADO COM ARGAMASSA DE CIMENTO COLANTE, INCLUSIVE REJUNTAMENTO | B17: =ORÇAMENTO!I79 -> 203516.55 | C17: =B17/'PLANILHA RESUMO'!$C$44 -> 0.01860188 | D17: =C17+D16 -> 0.44720496 | E17: A
A18: =ORÇAMENTO!D243 -> MURO DE ALVENARIA DE BLOCOS CERÂMICOS 10X20X20CM, C/ PILARES A CADA 2 M, ESP. 10CM E H=2.5M, REVESTIDO COM CHAPISCO, REBOCO E PINTURA ACRÍLICA A 2 DEMÃOS, INCL. PILARES, CINTAS E SAPATAS, EMPREGANDO ARG. CIMENTO CAL E AREIA | B18: =ORÇAMENTO!I243 -> 201271.11 | C18: =B18/'PLANILHA RESUMO'!$C$44 -> 0.018396641 | D18: =C18+D17 -> 0.4656016 | E18: A
A19: =ORÇAMENTO!D170 -> TELHAMENTO COM TELHA ONDULADA DE FIBROCIMENTO E = 6 MM, COM RECOBRIMENTO LATERAL DE 1/4 DE ONDA PARA TELHADO COM INCLINAÇÃO MAIOR QUE 10°, COM ATÉ 2 ÁGUAS, INCLUSO IÇAMENTO. AF_07/2019 | B19: =ORÇAMENTO!I170 -> 189325.49 | C19: =B19/'PLANILHA RESUMO'!$C$44 -> 0.017304784 | D19: =C19+D18 -> 0.48290639 | E19: A
A20: =ORÇAMENTO!D178 -> CADEIRA PARA AUDITÓRIO | B20: =ORÇAMENTO!I178 -> 186132.02 | C20: =B20/'PLANILHA RESUMO'!$C$44 -> 0.017012893 | D20: =C20+D19 -> 0.49991928 | E20: A
A21: =ORÇAMENTO!D230 -> PINTURA COM TINTA ACRÍLICA, MARCAS DE REFERÊNCIA SUVINIL, CORAL E METALATEX, INCLUSIVE SELADOR ACRÍLICO, EM PAREDES E FORROS, A DUAS DEMÃOS | B21: =ORÇAMENTO!I230 -> 168390 | C21: =B21/'PLANILHA RESUMO'!$C$44 -> 0.015391232 | D21: =C21+D20 -> 0.51531051 | E21: A
A22: =ORÇAMENTO!D218 -> LUMINARIA EMBUTIR COMPL., CORPO CH. AÇO PINTADA BRANCA, REFLETOR, ALETAS PARABÓLICAS ALUM.ALTA PUREZA E REFLETÂNCIA INCLUSIVE 2 LÂMPADAS LED T8 18W TEMP. DE COR 5000K C/ 1,20M - REF. CE232AL-N - AMES, 6025 - LUMAVI -LDEF 2X32W - LUMILUZ OU EQUIVALENTE | B22: =ORÇAMENTO!I218 -> 162831.97 | C22: =B22/'PLANILHA RESUMO'!$C$44 -> 0.014883215 | D22: =C22+D21 -> 0.53019373 | E22: B
A23: =ORÇAMENTO!D163 -> CONDUTOR DE COBRE NÚ, SEÇÃO DE 35MM2, INCLUSIVE SUPORTES ISOLADORES E ACESSÓRIOS DE FIXAÇÃO, CONFORME PROJETO | B23: =ORÇAMENTO!I163 -> 155995.43 | C23: =B23/'PLANILHA RESUMO'!$C$44 -> 0.01425834 | D23: =C23+D22 -> 0.54445207 | E23: B
A24: =ORÇAMENTO!D20 -> FORNECIMENTO, PREPARO E APLICAÇÃO DE CONCRETO MAGRO COM CONSUMO MÍNIMO DE CIMENTO DE 250 KG/M3 (BRITA 1 E 2) - (5% DE PERDAS JÁ INCLUÍDO NO CUSTO) | B24: =ORÇAMENTO!I20 -> 155548.94 | C24: =B24/'PLANILHA RESUMO'!$C$44 -> 0.01421753 | D24: =C24+D23 -> 0.5586696 | E24: B
A25: =ORÇAMENTO!D52 -> JANELA DE CORRER PARA VIDRO EM ALUMÍNIO ANODIZADO COR NATURAL, LINHA 25, COMPLETA, INCL. PUXADOR COM TRANCA, ALIZAR, CAIXILHO E CONTRAMARCO, EXCLUSIVE VIDRO | B25: =ORÇAMENTO!I52 -> 150221.59 | C25: =B25/'PLANILHA RESUMO'!$C$44 -> 0.013730598 | D25: =C25+D24 -> 0.57240019 | E25: B
A26: =ORÇAMENTO!D23 -> FORNECIMENTO, DOBRAGEM E COLOCAÇÃO EM FÔRMA, DE ARMADURA CA-60 B FINA, DIÂMETRO DE 4.0 A 7.0MM | B26: =ORÇAMENTO!I23 -> 146788.81 | C26: =B26/'PLANILHA RESUMO'!$C$44 -> 0.013416834 | D26: =C26+D25 -> 0.58581703 | E26: B
A27: =ORÇAMENTO!D76 -> EMBOÇO DE ARGAMASSA DE CIMENTO, CAL HIDRATADA CH1 E AREIA MÉDIA OU GROSSA LAVADA NO TRAÇO 1:0.5:6, ESPESSURA 20 MM | B27: =ORÇAMENTO!I76 -> 129476.68 | C27: =B27/'PLANILHA RESUMO'!$C$44 -> 0.011834466 | D27: =C27+D26 -> 0.59765149 | E27: B
A28: =ORÇAMENTO!D24 -> FORNECIMENTO, DOBRAGEM E COLOCAÇÃO EM FÔRMA, DE ARMADURA CA-50 A MÉDIA, DIÂMETRO DE 6.3 A 10.0 MM | B28: =ORÇAMENTO!I24 -> 127588.47 | C28: =B28/'PLANILHA RESUMO'!$C$44 -> 0.011661879 | D28: =C28+D27 -> 0.60931337 | E28: B
A29: =ORÇAMENTO!D147 -> SUBESTAÇÃO EXT. AÉREA TRIFÁS. 225KVA, COMPLETA, C/ QUADROS DE MEDIÇÃO, TRANSF. A ÓLEO, CHAVE GERAL TRIP., POSTE E ACESSÓRIOS, CONF. NOR-TEC-01 DA ESCELSA, INCL. MURETA REV. C/ ARG. CIMENTO, CAL HIDRAT. CH1 E AREIA TRAÇO 1:0.5:6 | B29: =ORÇAMENTO!I147 -> 118067.53 | C29: =B29/'PLANILHA RESUMO'!$C$44 -> 0.010791643 | D29: =C29+D28 -> 0.62010502 | E29: B
A30: =ORÇAMENTO!D60 -> BRISE METÁLICO SM-84 COR PRATA OU SIMILAR, COM ESTRUTURA E MONTAGEM | B30: =ORÇAMENTO!I60 -> 112761.88 | C30: =B30/'PLANILHA RESUMO'!$C$44 -> 0.010306694 | D30: =C30+D29 -> 0.63041171 | E30: B
A31: =ORÇAMENTO!D69 -> FORRO EM PLACAS DE GESSO, PARA AMBIENTES COMERCIAIS. AF_05/2017_P | B31: =ORÇAMENTO!I69 -> 111504.99 | C31: =B31/'PLANILHA RESUMO'!$C$44 -> 0.010191812 | D31: =C31+D30 -> 0.64060352 | E31: B
A32: =ORÇAMENTO!D62 -> VIDRO PLANO TRANSPARENTE LISO, COM 4 MM DE ESPESSURA | B32: =ORÇAMENTO!I62 -> 110726.04 | C32: =B32/'PLANILHA RESUMO'!$C$44 -> 0.010120614 | D32: =C32+D31 -> 0.65072414 | E32: B
A33: =ORÇAMENTO!D71 -> REBOCO DE ARGAMASSA DE CIMENTO, CAL HIDRATADA CH1 E AREIA MÉDIA OU GROSSA LAVADA NO TRAÇO 1:0.5:6, ESPESSURA 5MM | B33: =ORÇAMENTO!I71 -> 110525.34 | C33: =B33/'PLANILHA RESUMO'!$C$44 -> 0.01010227 | D33: =C33+D32 -> 0.66082641 | E33: B
A34: =ORÇAMENTO!D171 -> TRAMA DE MADEIRA COMPOSTA POR TERÇAS PARA TELHADOS DE ATÉ 2 ÁGUAS PARA TELHA ONDULADA DE FIBROCIMENTO, METÁLICA, PLÁSTICA OU TERMOACÚSTICA, INCLUSO TRANSPORTE VERTICAL. AF_07/2019 | B34: =ORÇAMENTO!I171 -> 108418.52 | C34: =B34/'PLANILHA RESUMO'!$C$44 -> 0.0099097015 | D34: =C34+D33 -> 0.67073611 | E34: B
A35: =ORÇAMENTO!D82 -> PISO CIMENTADO LISO COM 1.5 CM DE ESPESSURA, DE ARGAMASSA DE CIMENTO E AREIA NO TRAÇO 1:3 E JUNTAS PLÁSTICAS EM QUADROS DE 1 M | B35: =ORÇAMENTO!I82 -> 102103.85 | C35: =B35/'PLANILHA RESUMO'!$C$44 -> 0.0093325259 | D35: =C35+D34 -> 0.68006863 | E35: B
A36: =ORÇAMENTO!D182 -> RESERVATÓRIO TIPO TUBULAR | B36: =ORÇAMENTO!I182 -> 99854.25 | C36: =B36/'PLANILHA RESUMO'!$C$44 -> 0.0091269075 | D36: =C36+D35 -> 0.68919554 | E36: B
A37: =ORÇAMENTO!D133 -> FIO DE COBRE TERMOPLÁSTICO, COM ISOLAMENTO PARA 750V, SEÇÃO DE 2.5 MM2 | B37: =ORÇAMENTO!I133 -> 93861.303 | C37: =B37/'PLANILHA RESUMO'!$C$44 -> 0.0085791384 | D37: =C37+D36 -> 0.69777468 | E37: B
A38: =ORÇAMENTO!D235 -> CALHA DE CONCRETO E ALVENARIA, REVESTIDA INTERNAMENTE, COM GRELHA DE FERRO, SEÇÃO 0,20M X 0,15M | B38: =ORÇAMENTO!I235 -> 89022.61 | C38: =B38/'PLANILHA RESUMO'!$C$44 -> 0.0081368707 | D38: =C38+D37 -> 0.70591155 | E38: B
A39: =ORÇAMENTO!D15 -> EXECUÇÃO E COMPACTAÇÃO DE ATERRO COM SOLO PREDOMINANTEMENTE ARGILOSO EXCLUSIVE SOLO, ESCAVAÇÃO, CARGA E TRANSPORTE. AF_11/2019 | B39: =ORÇAMENTO!I15 -> 85833.58 | C39: =B39/'PLANILHA RESUMO'!$C$44 -> 0.0078453861 | D39: =C39+D38 -> 0.71375694 | E39: B
A40: =ORÇAMENTO!D12 -> TAPUME TELHA METÁLICA ONDULADA EM AÇO GALVALUME 0,50MM BRANCA H=2,20M, INCL. MONTAGEM ESTR. MAD. 8"X8", C/ADESIVO "DER-ES" 60X60CM A CADA 10M, INCL. FAIXAS PINT. ESMALTE SINT. CORES AZUL C/ H=30CM E ROSA C/ H=10CM (REAPROVEITAMENTO 2X) | B40: =ORÇAMENTO!I12 -> 85781.55 | C40: =B40/'PLANILHA RESUMO'!$C$44 -> 0.0078406304 | D40: =C40+D39 -> 0.72159757 | E40: B
A41: =ORÇAMENTO!D74 -> REVESTIMENTO CERÂMICO PARA PAREDES INTERNAS COM PLACAS TIPO ESMALTADA EXTRA DE DIMENSÕES 33X45 CM APLICADAS EM AMBIENTES DE ÁREA MAIOR QUE 5 M² NA ALTURA INTEIRA DAS PAREDES. AF_06/2014 | B41: =ORÇAMENTO!I74 -> 79988.576 | C41: =B41/'PLANILHA RESUMO'!$C$44 -> 0.0073111393 | D41: =C41+D40 -> 0.72890871 | E41: B
A42: =ORÇAMENTO!D106 -> TUBO DE PVC RÍGIDO SOLDÁVEL BRANCO, PARA ESGOTO, DIÂMETRO 150MM (6"), INCLUSIVE CONEXÕES | B42: =ORÇAMENTO!I106 -> 72027.76 | C42: =B42/'PLANILHA RESUMO'!$C$44 -> 0.0065835025 | D42: =C42+D41 -> 0.73549221 | E42: B
A43: =ORÇAMENTO!D93 -> CAIXA SIFONADA ESPECIAL DE ALV. BLOCO CONC.9X19X39CM, DIM 60X60CM E HMÁX=1M, C/ TAMPA EM CONCRETO ESP.5CM, LASTRO CONC.ESP.10CM, REVEST. INTERN. C/CHAP. E REB. IMPERMEAB. ESCAV, REATERRO E CURVA CURTA C/ VISITA E PLUG EM PVC 100MM | B43: =ORÇAMENTO!I93 -> 70944.47 | C43: =B43/'PLANILHA RESUMO'!$C$44 -> 0.0064844873 | D43: =C43+D42 -> 0.7419767 | E43: B
A44: =ORÇAMENTO!D36 -> DIVISÓRIA DE GRANITO CINZA ANDORINHA COM 3 CM DE ESPESSURA, FIXADA COM CANTONEIRA DE FERRO CROMADO | B44: =ORÇAMENTO!I36 -> 69926.085 | C44: =B44/'PLANILHA RESUMO'!$C$44 -> 0.0063914046 | D44: =C44+D43 -> 0.7483681 | E44: B
A45: =ORÇAMENTO!D72 -> CHAPISCO DE ARGAMASSA DE CIMENTO E AREIA MÉDIA OU GROSSA LAVADA NO TRAÇO 1:3, ESPESSURA 5MM, COM UTILIZAÇÃO DE IMPERMEABILIZANTE | B45: =ORÇAMENTO!I72 -> 69654.775 | C45: =B45/'PLANILHA RESUMO'!$C$44 -> 0.0063666062 | D45: =C45+D44 -> 0.75473471 | E45: B
A46: =ORÇAMENTO!D17 -> REATERRO MANUAL DE VALAS COM COMPACTAÇÃO MECANIZADA. AF_04/2016 | B46: =ORÇAMENTO!I17 -> 67553.59 | C46: =B46/'PLANILHA RESUMO'!$C$44 -> 0.0061745531 | D46: =C46+D45 -> 0.76090926 | E46: B
A47: =ORÇAMENTO!D129 -> ELETRODUTO DE PVC RÍGIDO ROSCÁVEL, DIÂM. 3" (85MM), INCLUSIVE CONEXÕES | B47: =ORÇAMENTO!I129 -> 66466.695 | C47: =B47/'PLANILHA RESUMO'!$C$44 -> 0.0060752083 | D47: =C47+D46 -> 0.76698447 | E47: B
A48: =ORÇAMENTO!D141 -> CABO DE COBRE FLEXÍVEL ISOLADO, 70 MM², ANTI-CHAMA 0,6/1,0 KV, PARA REDE ENTERRADA DE DISTRIBUIÇÃO DE ENERGIA ELÉTRICA - FORNECIMENTO E INSTALAÇÃO. AF_12/2021 | B48: =ORÇAMENTO!I141 -> 66217.65 | C48: =B48/'PLANILHA RESUMO'!$C$44 -> 0.0060524451 | D48: =C48+D47 -> 0.77303691 | E48: B
A49: =ORÇAMENTO!D105 -> TUBO DE PVC RÍGIDO SOLDÁVEL BRANCO, PARA ESGOTO, DIÂMETRO 100MM (4"), INCLUSIVE CONEXÕES | B49: =ORÇAMENTO!I105 -> 65577.99 | C49: =B49/'PLANILHA RESUMO'!$C$44 -> 0.0059939787 | D49: =C49+D48 -> 0.77903089 | E49: B
A50: =ORÇAMENTO!D67 -> IMPERMEABILIZAÇÃO DE FLOREIRA OU VIGA BALDRAME COM ARGAMASSA DE CIMENTO E AREIA, COM ADITIVO IMPERMEABILIZANTE, E = 2 CM. AF_06/2018 | B50: =ORÇAMENTO!I67 -> 64551.5 | C50: =B50/'PLANILHA RESUMO'!$C$44 -> 0.0059001552 | D50: =C50+D49 -> 0.78493105 | E50: B
A51: =ORÇAMENTO!D43 -> PORTA DE MADEIRA 0,80 X 2,10 M, INTERNA, COM BATENTE, GUARNIÇÃO E FERRAGEM | B51: =ORÇAMENTO!I43 -> 61888.915 | C51: =B51/'PLANILHA RESUMO'!$C$44 -> 0.0056567888 | D51: =C51+D50 -> 0.79058784 | E51: B
A52: =ORÇAMENTO!D158 -> TUBO DE AÇO GALVANIZADO, INCLUSIVE CONEXÕES, DIÂM. 65MM (21/2") | B52: =ORÇAMENTO!I158 -> 61464.33 | C52: =B52/'PLANILHA RESUMO'!$C$44 -> 0.0056179807 | D52: =C52+D51 -> 0.79620582 | E52: B
A53: =ORÇAMENTO!D54 -> PORTA DE ABRIR TIPO VENEZIANA EM ALUMÍNIO ANODIZADO, LINHA 25, COMPLETA, INCL. PUXADOR COM TRANCA, CAIXILHO, ALIZAR E CONTRAMARCO | B53: =ORÇAMENTO!I54 -> 61135.007 | C53: =B53/'PLANILHA RESUMO'!$C$44 -> 0.0055878798 | D53: =C53+D52 -> 0.8017937 | E53: B
A54: =ORÇAMENTO!D236 -> BANCO DE CONCRETO ARMADO APARENTE COM APOIOS DE ALVENARIA ASSENTADA COM ARGAMASSA DE CIMENTO, CAL E AREIA, LARGURA DE 0,50M E ESPESSURA DE 0,05M | B54: =ORÇAMENTO!I236 -> 60114.58 | C54: =B54/'PLANILHA RESUMO'!$C$44 -> 0.0054946105 | D54: =C54+D53 -> 0.80728831 | E54: C
A55: =ORÇAMENTO!D51 -> BÁSCULA PARA VIDRO EM ALUMÍNIO ANODIZADO COR NATURAL, LINHA 25, COMPLETA, COM TRANCA, CAIXILHO, ALIZAR E CONTRAMARCO, EXCLUSIVE VIDRO | B55: =ORÇAMENTO!I51 -> 55962.122 | C55: =B55/'PLANILHA RESUMO'!$C$44 -> 0.0051150663 | D55: =C55+D54 -> 0.81240337 | E55: C
A56: =ORÇAMENTO!D44 -> PORTA MADEIRA DE LEI TIPO ANGELIM PEDRA OU EQUIV.,ESP. 30 A 35 MM, SARRAFEADA COM ENCHIMENTO, C/ FRISO P/ VERNIZ, PADRÃO SEDU, COM VISOR, INCLUSIVE ALIZARES, DOBRADIÇAS E FECHADURA TIPO EXT. EM LATÃO CROMADO LAFONTE OU EQUIV., EXCL. MARCO, DIMENSÕES: 0.80 X 2.10 M | B56: =ORÇAMENTO!I44 -> 54388.061 | C56: =B56/'PLANILHA RESUMO'!$C$44 -> 0.0049711936 | D56: =C56+D55 -> 0.81737457 | E56: C
A57: =ORÇAMENTO!D184 -> BACIA SIFONADA DE LOUÇA BRANCA PARA PORTADORES DE NECESSIDADES ESPECIAIS, VOGUE PLUS CONFORTO – LINHA CONFORTO, MOD P51, INCL. ASSENTO COM ABERTURA FRONTAL, REF.AP52,MARCA DE REF. DECA OU EQUIVALENTE | B57: =ORÇAMENTO!I184 -> 50170.81 | C57: =B57/'PLANILHA RESUMO'!$C$44 -> 0.0045857271 | D57: =C57+D56 -> 0.82196029 | E57: C
A58: =ORÇAMENTO!D198 -> BANCADA DE GRANITO COM ESPESSURA DE 2 CM | B58: =ORÇAMENTO!I198 -> 49145.42 | C58: =B58/'PLANILHA RESUMO'!$C$44 -> 0.0044920041 | D58: =C58+D57 -> 0.8264523 | E58: C
A59: =ORÇAMENTO!D234 -> LIMPEZA GERAL DA OBRA (EDIFICAÇÃO) | B59: =ORÇAMENTO!I234 -> 48184.67 | C59: =B59/'PLANILHA RESUMO'!$C$44 -> 0.0044041894 | D59: =C59+D58 -> 0.83085649 | E59: C
A60: =ORÇAMENTO!D173 -> CHAPIM DE CONCRETO PRÉ-MOLDADO | B60: =ORÇAMENTO!I173 -> 47548.517 | C60: =B60/'PLANILHA RESUMO'!$C$44 -> 0.0043460436 | D60: =C60+D59 -> 0.83520253 | E60: C
A61: =ORÇAMENTO!D96 -> TUBO DE PVC RÍGIDO SOLDÁVEL MARROM, DIÂM. 25MM (3/4"), INCLUSIVE CONEXÕES | B61: =ORÇAMENTO!I96 -> 46921.35 | C61: =B61/'PLANILHA RESUMO'!$C$44 -> 0.004288719 | D61: =C61+D60 -> 0.83949125 | E61: C
A62: =ORÇAMENTO!D183 -> BACIA SANITÁRIA DE LOUÇA BRANCA, COM CAIXA ACOPLADA DUPLO ACIONAMENTO, MARCA DE REF. DECA LINHA RAVENA OU EQUIVALENTE, INCLUSIVE ASSENTO PLÁSTICO E ACESSÓRIOS DE FIXAÇÃO | B62: =ORÇAMENTO!I183 -> 46646.97 | C62: =B62/'PLANILHA RESUMO'!$C$44 -> 0.0042636401 | D62: =C62+D61 -> 0.84375489 | E62: C
A63: =ORÇAMENTO!D245 -> CERCA/GRADIL NYLOFOR H=2,03M, MALHA 5 X 20CM - FIO 4,30MM, COM FIXADORES DE POLIAMIDA EM POSTE 40 X 60 MM CHUMBADOS EM BASE DE CONCRETO (EXCLUSIVE ESTA) , REVESTIDOS EM POLIESTER POR PROCESSO DE PINTURA ELETROSTÁTICA (GRADIL E POSTE), NAS CORES VERDE OU BRANCA - FORNECIMENTO E INSTALAÇÃO | B63: =ORÇAMENTO!I245 -> 45832.585 | C63: =B63/'PLANILHA RESUMO'!$C$44 -> 0.0041892034 | D63: =C63+D62 -> 0.84794409 | E63: C
A64: =ORÇAMENTO!D145 -> CABO DE COBRE TERMOPLÁSTICO (PVC) FLEXÍVEL ISOLADO 0,6/1KV, ANTI-CHAMA 90ºC HEPR - 300,0 MM2 | B64: =ORÇAMENTO!I145 -> 45012.014 | C64: =B64/'PLANILHA RESUMO'!$C$44 -> 0.0041142013 | D64: =C64+D63 -> 0.85205829 | E64: C
A65: =ORÇAMENTO!D126 -> ELETRODUTO FLEXÍVEL CORRUGADO 3/4" , MARCA DE REFERÊNCIA TIGRE | B65: =ORÇAMENTO!I126 -> 43223.74 | C65: =B65/'PLANILHA RESUMO'!$C$44 -> 0.003950749 | D65: =C65+D64 -> 0.85600904 | E65: C
A66: =ORÇAMENTO!D77 -> EMASSAMENTO DE PAREDES E FORROS, COM DUAS DEMÃOS DE MASSA À BASE DE PVA, MARCAS DE REFERÊNCIA SUVINIL, CORAL OU METALATEX | B66: =ORÇAMENTO!I77 -> 42853.796 | C66: =B66/'PLANILHA RESUMO'!$C$44 -> 0.0039169353 | D66: =C66+D65 -> 0.85992598 | E66: C
A67: =ORÇAMENTO!D202 -> BEBEDOURO DE AÇO INOX, MARCAS DE REFERÊNCIA FISHER, METALPRESS OU MEKAL, INCLUSIVE VÁLVULA, SIFÃO CROMADO E TORNEIRAS, EXCLUSIVE ALVENARIA, DIM. 0.45X2.75 M, CONFORME DETALHE EM PROJETO | B67: =ORÇAMENTO!I202 -> 42403.93 | C67: =B67/'PLANILHA RESUMO'!$C$44 -> 0.0038758165 | D67: =C67+D66 -> 0.8638018 | E67: C
A68: =ORÇAMENTO!D165 -> TERMINAL AÉREO EM LATÃO (MINICAPTOR), COM CONECTOR E FIXAÇÃO HORIZONTAL 250MM X 10MM, REF. TEL-2024, INCLUSIVE VEDAÇÃO DOS FUROS COM POLIURETANO REF. TEL 5905, MARCA DE REF. TERMOTÉCNICA OU EQUIVALENTE | B68: =ORÇAMENTO!I165 -> 41202.13 | C68: =B68/'PLANILHA RESUMO'!$C$44 -> 0.0037659692 | D68: =C68+D67 -> 0.86756776 | E68: C
A69: =ORÇAMENTO!D140 -> CABO DE COBRE FLEXÍVEL ISOLADO, 50 MM², ANTI-CHAMA 0,6/1,0 KV, PARA REDE ENTERRADA DE DISTRIBUIÇÃO DE ENERGIA ELÉTRICA - FORNECIMENTO E INSTALAÇÃO. AF_12/2021 | B69: =ORÇAMENTO!I140 -> 39111.113 | C69: =B69/'PLANILHA RESUMO'!$C$44 -> 0.0035748454 | D69: =C69+D68 -> 0.87114261 | E69: C
A70: =ORÇAMENTO!D63 -> ESPELHO PARA BANHEIROS ESPESSURA 4 MM, INCLUINDO CHAPA COMPENSADA 10 MM, MOLDURA DE ALUMÍNIO EM PERFIL L 3/4", FIXADO COM PARAFUSOS CROMADOS | B70: =ORÇAMENTO!I63 -> 38761.268 | C70: =B70/'PLANILHA RESUMO'!$C$44 -> 0.0035428688 | D70: =C70+D69 -> 0.87468548 | E70: C
A71: =ORÇAMENTO!D87 -> PISO VINÍLICO SEMI-FLEXÍVEL EM PLACAS, PADRÃO LISO, ESPESSURA 3,2 MM, FIXADO COM COLA. AF_09/2020 | B71: =ORÇAMENTO!I87 -> 37863.194 | C71: =B71/'PLANILHA RESUMO'!$C$44 -> 0.0034607827 | D71: =C71+D70 -> 0.87814626 | E71: C
A72: =ORÇAMENTO!D16 -> ESCAVAÇÃO MECÂNICA EM MATERIAL DE 1A. CATEGORIA | B72: =ORÇAMENTO!I16 -> 37573.88 | C72: =B72/'PLANILHA RESUMO'!$C$44 -> 0.0034343388 | D72: =C72+D71 -> 0.8815806 | E72: C
A73: =ORÇAMENTO!D111 -> QUADRO EMB. TRIF DIN 70 CIRC 225A - FORNECIMENTO E INSTALAÇÃO | B73: =ORÇAMENTO!I111 -> 36578.608 | C73: =B73/'PLANILHA RESUMO'!$C$44 -> 0.0033433687 | D73: =C73+D72 -> 0.88492397 | E73: C
A74: =ORÇAMENTO!D58 -> PORTÃO DE FERRO DE ABRIR EM BARRA CHATA, CHAPA E TUBO, INCLUSIVE CHUMBAMENTO | B74: =ORÇAMENTO!I58 -> 35765.069 | C74: =B74/'PLANILHA RESUMO'!$C$44 -> 0.0032690094 | D74: =C74+D73 -> 0.88819298 | E74: C
A75: =ORÇAMENTO!D172 -> INSTALAÇÃO DE VIDRO TEMPERADO, E = 6 MM, ENCAIXADO EM PERFIL U. AF_01/2021_P | B75: =ORÇAMENTO!I172 -> 33988.513 | C75: =B75/'PLANILHA RESUMO'!$C$44 -> 0.003106628 | D75: =C75+D74 -> 0.89129961 | E75: C
A76: =ORÇAMENTO!D174 -> RUFO DE CHAPA METÁLICA Nº 26 COM LARGURA DE 30 CM | B76: =ORÇAMENTO!I174 -> 32218.131 | C76: =B76/'PLANILHA RESUMO'!$C$44 -> 0.0029448111 | D76: =C76+D75 -> 0.89424442 | E76: C
A77: =ORÇAMENTO!D132 -> FIO DE COBRE TERMOPLÁSTICO, COM ISOLAMENTO PARA 750V, SEÇÃO DE 1.5 MM2 | B77: =ORÇAMENTO!I132 -> 31907.108 | C77: =B77/'PLANILHA RESUMO'!$C$44 -> 0.0029163828 | D77: =C77+D76 -> 0.8971608 | E77: C
A78: =ORÇAMENTO!D164 -> CABO CONDUTOR DE COBRE ELETROLÍTICO NU, TEMPERA MEIO DURA, ENCORDOAMENTO CLASSE 2, PARA ATERRAMENTO, DIAM. 50MM2 | B78: =ORÇAMENTO!I164 -> 31749.64 | C78: =B78/'PLANILHA RESUMO'!$C$44 -> 0.0029019899 | D78: =C78+D77 -> 0.90006279 | E78: C
A79: =ORÇAMENTO!D134 -> FIO OU CABO DE COBRE TERMOPLÁSTICO, COM ISOLAMENTO PARA 750V, SEÇÃO DE 4.0 MM2 | B79: =ORÇAMENTO!I134 -> 27902.655 | C79: =B79/'PLANILHA RESUMO'!$C$44 -> 0.0025503666 | D79: =C79+D78 -> 0.90261316 | E79: C
A80: =ORÇAMENTO!D241 -> BASE DE BRITA GRADUADA, INCLUSIVE FORNECIMENTO E TRANSPORTE DA BRITA | B80: =ORÇAMENTO!I241 -> 26993.01 | C80: =B80/'PLANILHA RESUMO'!$C$44 -> 0.002467223 | D80: =C80+D79 -> 0.90508038 | E80: C
A81: =ORÇAMENTO!D239 -> BLOCOS PRÉ-MOLDADOS DE CONCRETO TIPO PAVI-S OU EQUIVALENTE, ESPESSURA DE 6 CM E RESISTÊNCIA A COMPRESSÃO MÍNIMA DE 35MPA, ASSENTADOS SOBRE COLCHÃO DE PÓ DE PEDRA NA ESPESSURA DE 10 CM | B81: =ORÇAMENTO!I239 -> 26143.58 | C81: =B81/'PLANILHA RESUMO'!$C$44 -> 0.0023895832 | D81: =C81+D80 -> 0.90746996 | E81: C
A82: =ORÇAMENTO!D80 -> PISO CERÂMICO ESMALTADO, PEI 5, ACABAMENTO SEMIBRILHO, DIM. 45X45CM, REF. DE COR CARGO PLUS WHITE ELIANE/EQUIV. ASSENTADO COM ARGAMASSA DE CIMENTO COLANTE, INCLUSIVE REJUNTAMENTO | B82: =ORÇAMENTO!I80 -> 23273.3 | C82: =B82/'PLANILHA RESUMO'!$C$44 -> 0.002127233 | D82: =C82+D81 -> 0.9095972 | E82: C
A83: =ORÇAMENTO!D188 -> CUBA LOUÇA DE EMBUTIR REDONDA, 30CM, L-41, COMPLETA, MARCAS DE REFERÊNCIA DECA, CELITE OU IDEAL STANDARD, INCL. VÁLVULA E SIFÃO, EXCLUSIVE TORNEIRA | B83: =ORÇAMENTO!I188 -> 23258.11 | C83: =B83/'PLANILHA RESUMO'!$C$44 -> 0.0021258446 | D83: =C83+D82 -> 0.91172304 | E83: C
A84: =ORÇAMENTO!D101 -> TUBO DE PVC RÍGIDO SOLDÁVEL BRANCO, PARA ESGOTO, DIÂMETRO 150MM (6"), INCLUSIVE CONEXÕES | B84: =ORÇAMENTO!I101 -> 23212.57 | C84: =B84/'PLANILHA RESUMO'!$C$44 -> 0.0021216821 | D84: =C84+D83 -> 0.91384472 | E84: C
A85: =ORÇAMENTO!D201 -> RESERVATÓRIO DE POLIETILENO DE 10000L, INCLUSIVE PEÇA DE MADEIRA 6X16CM PARA APOIO, EXCLUSIVE FLANGES E TORNEIRA DE BÓIA | B85: =ORÇAMENTO!I201 -> 22731.72 | C85: =B85/'PLANILHA RESUMO'!$C$44 -> 0.0020777313 | D85: =C85+D84 -> 0.91592245 | E85: C
A86: =ORÇAMENTO!D48 -> PEITORIL DE GRANITO CINZA POLIDO, 15 CM, ESP. 3CM | B86: =ORÇAMENTO!I48 -> 22420.175 | C86: =B86/'PLANILHA RESUMO'!$C$44 -> 0.0020492554 | D86: =C86+D85 -> 0.91797171 | E86: C
A87: =ORÇAMENTO!D13 -> 'LOCACAO CONVENCIONAL DE OBRA, UTILIZANDO GABARITO DE TÁBUAS CORRIDAS PONTALETADAS A CADA 2,00M - 2 UTILIZAÇÕES. AF_10/2018 | B87: =ORÇAMENTO!I13 -> 22318.06 | C87: =B87/'PLANILHA RESUMO'!$C$44 -> 0.0020399219 | D87: =C87+D86 -> 0.92001163 | E87: C
A88: =ORÇAMENTO!D56 -> PORTÃO DE FERRO DE CORRER EM BARRA CHATA, INCLUSIVE CHUMBAMENTO | B88: =ORÇAMENTO!I56 -> 21462.442 | C88: =B88/'PLANILHA RESUMO'!$C$44 -> 0.0019617165 | D88: =C88+D87 -> 0.92197335 | E88: C
A89: =ORÇAMENTO!D186 -> LAVATÓRIO DE LOUÇA BRANCA COM COLUNA SUSPENSA, LINHA VOGUE PLUS CONFORT PARA PORTADORES DE NECESSIDADES ESPECIAIS, MARCA DE REFERENCIA DECA, CELITE OU IDEAL STANDART, INCLUSIVE VALVULA, SIFÃO E ENGATES, EXCLUSIVE TORNEIRA | B89: =ORÇAMENTO!I186 -> 20464.75 | C89: =B89/'PLANILHA RESUMO'!$C$44 -> 0.0018705251 | D89: =C89+D88 -> 0.92384387 | E89: C
A90: =ORÇAMENTO!D153 -> PONTO PARA ILUMINAÇÃO DE EMERGÊNCIA COMPLETO, INCLUSIVE BLOCO AUTÔNOMO DE ILUMINAÇÃO 2X9W COM TOMADA UNIVERSAL | B90: =ORÇAMENTO!I153 -> 19771.81 | C90: =B90/'PLANILHA RESUMO'!$C$44 -> 0.0018071888 | D90: =C90+D89 -> 0.92565106 | E90: C
A91: =ORÇAMENTO!D75 -> EMASSAMENTO DE PAREDES E FORROS, COM DUAS DEMÃOS DE MASSA ACRÍLICA, MARCAS DE REFERÊNCIA SUVINIL, CORAL OU METALATEX | B91: =ORÇAMENTO!I75 -> 19752.556 | C91: =B91/'PLANILHA RESUMO'!$C$44 -> 0.0018054289 | D91: =C91+D90 -> 0.92745649 | E91: C
A92: =ORÇAMENTO!D154 -> BOMBA CENTRÍFUGA, TRIFÁSICA, 10 CV OU 9,86 HP, HM 85 A 140 M, Q 4,2 A 14,9 M3/H - FORNECIMENTO E INSTALAÇÃO. AF_12/2020 | B92: =ORÇAMENTO!I154 -> 19183.18 | C92: =B92/'PLANILHA RESUMO'!$C$44 -> 0.0017533867 | D92: =C92+D91 -> 0.92920988 | E92: C
A93: =ORÇAMENTO!D210 -> BOMBA CENTRÍFUGA, TRIFÁSICA, 10 CV OU 9,86 HP, HM 85 A 140 M, Q 4,2 A 14,9 M3/H - FORNECIMENTO E INSTALAÇÃO. AF_12/2020 | B93: =ORÇAMENTO!I210 -> 19183.18 | C93: =B93/'PLANILHA RESUMO'!$C$44 -> 0.0017533867 | D93: =C93+D92 -> 0.93096326 | E93: C
A94: =ORÇAMENTO!D142 -> CABO DE COBRE TERMOPLÁSTICO (PVC) FLEXÍVEL ISOLADO 0,6/1KV, ANTI-CHAMA 90ºC HEPR - 25,0 MM2 | B94: =ORÇAMENTO!I142 -> 19153.943 | C94: =B94/'PLANILHA RESUMO'!$C$44 -> 0.0017507143 | D94: =C94+D93 -> 0.93271398 | E94: C
A95: =ORÇAMENTO!D246 -> MURETA EM ALVENARIA DE BLOCOS CERÂMICOS 10X20X20CMM, H=0.60CM, PARA FECHAMENTO DE QUADRA, COM PILARETES DE TRAVAMENTO EM CONCRETO ARMADO A CADA 3M, INCLUSIVE CHAPISCO | B95: =ORÇAMENTO!I246 -> 19082.163 | C95: =B95/'PLANILHA RESUMO'!$C$44 -> 0.0017441535 | D95: =C95+D94 -> 0.93445813 | E95: C
A96: =ORÇAMENTO!D139 -> CABO DE COBRE FLEXÍVEL ISOLADO, 35 MM², ANTI-CHAMA 0,6/1,0 KV, PARA REDE ENTERRADA DE DISTRIBUIÇÃO DE ENERGIA ELÉTRICA - FORNECIMENTO E INSTALAÇÃO. AF_12/2021 | B96: =ORÇAMENTO!I139 -> 19073.204 | C96: =B96/'PLANILHA RESUMO'!$C$44 -> 0.0017433346 | D96: =C96+D95 -> 0.93620147 | E96: C
A97: =ORÇAMENTO!D103 -> TUBO DE PVC RÍGIDO SOLDÁVEL BRANCO, PARA ESGOTO, DIÂMETRO 50MM (2"), INCLUSIVE CONEXÕES | B97: =ORÇAMENTO!I103 -> 18806.07 | C97: =B97/'PLANILHA RESUMO'!$C$44 -> 0.0017189179 | D97: =C97+D96 -> 0.93792038 | E97: C
A98: =ORÇAMENTO!D91 -> CAIXAS DE INSPEÇÃO DE ALV. BLOCOS CONCRETO 9X19X39CM, DIM, 60X60CM E HMÁX = 1M, COM TAMPA DE CONC. ESP. 5CM, LASTRO DE CONC. ESP. 10CM, REVEST INTERN. C/ CHAPISCO E REBOCO IMPERMEABILIZADO, INCL. ESCAVAÇÃO, REATERRO E ENCHIMENTO | B98: =ORÇAMENTO!I91 -> 18736.74 | C98: =B98/'PLANILHA RESUMO'!$C$44 -> 0.001712581 | D98: =C98+D97 -> 0.93963297 | E98: C
A99: =ORÇAMENTO!D55 -> GRADE DE FERRO EM BARRA CHATA, INCLUSIVE CHUMBAMENTO | B99: =ORÇAMENTO!I55 -> 18478.413 | C99: =B99/'PLANILHA RESUMO'!$C$44 -> 0.0016889693 | D99: =C99+D98 -> 0.94132193 | E99: C
A100: =ORÇAMENTO!D242 -> FORNECIMENTO E ESPALHAMENTO DE AREIA MÉDIA LAVADA | B100: =ORÇAMENTO!I242 -> 17041.53 | C100: =B100/'PLANILHA RESUMO'!$C$44 -> 0.0015576349 | D100: =C100+D99 -> 0.94287957 | E100: C
A101: =ORÇAMENTO!D175 -> PERGOLADO EM MADEIRA - FORNECIMENTO E INSTALAÇÃO | B101: =ORÇAMENTO!I175 -> 16546.637 | C101: =B101/'PLANILHA RESUMO'!$C$44 -> 0.0015124006 | D101: =C101+D100 -> 0.94439197 | E101: C
...

Sheet TABELA RESUMO DE COTAÇÕES
A1: TABELA RESUMO DE COTAÇÕES
N2: 0.15 | O2: limite percentual
N4: média1 | O4: média2 | P4: média3 | Q4: média4 | R4: média2 | S4: p1-média1 | T4: p2-média1 | U4: p3-média1 | V4: p1-média2 | W4: p1-média3 | X4: p2-média4
A5: ITEM | B5: DESCRIÇÃO | C5: UNIDADE | D5: QUANTIDADE | L5: PREÇO MÉDIO - VALOR UNIT. (R$) | N5: p1,p2,p3 | O5: p1,p2 | P5: p1,p3 | Q5: p2,p3 | R5: p1,p2
E6: COTAÇÃO 01 | F6: DADOS | G6: COTAÇÃO 02 | H6: DADOS | I6: COTAÇÃO 03 | J6: DADOS | K6: DATA PREÇO 03
A7: C.1 | B7: CADEIRA PARA AUDITÓRIO | C7: UNIDADE | D7: 1 | E7: 1501.99 | F7: NOVO MUNDO - 962)8562-7000 - CNPJ: 01.534.080/0001-28 | G7: 1501.99 | H7: LEROY MERLIM - 4007-1380 - CNPJ: 01.438.784/0001-05 | I7: 1498.39 | J7: MADEIRA MADEIRA - 0800 080 0099 - CNPJ: 10.490.181/0001-35 | K7: 44896 | L7: =(I7+G7+E7)/3 -> 1500.79
A8: C.2 | B8: RESERVATÓRIO 10.000L | C8: UNIDADE | D8: 1 | E8: 5379 | F8: LEROY MERLIM - 4007-1380 - CNPJ: 01.438.784/0001-05 | G8: 5442.19 | H8: AMERICANAS S.A. CNPJ: 00776574000156 | I8: 5129.05 | J8: MADEIRA MADEIRA - 0800 080 0099 - CNPJ: 10.490.181/0001-35 | K8: 44896 | L8: =(I8+G8+E8)/3 -> 5316.7467
A9: C.3 | B9: FECHADURA ELÉTRICA DUPLA PRETA | C9: UNIDADE | D9: 1 | E9: 289.9 | F9: LEROY MERLIM - 4007-1380 - CNPJ: 01.438.784/0001-05 | G9: 222.27 | H9: CELLETI - CNPJ: 39.893.680/0001-55 | I9: 225.88 | J9: CARREFOUR - CNPJ: 45.543.915/0001-81 | K9: 44896 | L9: =(I9+G9+E9)/3 -> 246.01667
A10: C.4 | B10: PERGOLADO EM MADEIRA | C10: M2 | D10: 1 | E10: 653.32 | F10: CASAS BAHIA - CNPJ: 59.291.534/0001-67 | G10: 616.36 | H10: SUBMARINO - CNPJ: 00.776.574/0006-60 | I10: 620.66 | J10: MADEIRA MADEIRA - 0800 080 0099 - CNPJ: 10.490.181/0001-35 | K10: 44896 | L10: =(E10+G10+I10)/3 -> 630.11333
A11: C.5 | B11: CUBA EM AÇO INOX D=35CM | C11: M2 | D11: 1 | E11: 259.9 | F11: AMAZON - CNPJ: 15.436.940/0001-03 | G11: 215.91 | H11: PREMIERRE EXCLUSIVE TRAMONTINA - CNPJ: 15.272.816/0001-41 | I11: 620.66 | J11: MADEIRA MADEIRA - 0800 080 0099 - CNPJ: 10.490.181/0001-35 | K11: 44896 | L11: =(E11+G11+I11)/3 -> 365.49
A12: C.6 | B12: RALO SEMI ESFÉRICO TIPO ABACAXI 150MM | C12: UNIDADE | D12: 1 | E12: 52.19 | F12: MADEIRA MADEIRA - 0800 080 0099 - CNPJ: 10.490.181/0001-35 | G12: 63.45 | H12: AMERICANAS S.A. CNPJ: 00776574000156 | I12: 44.99 | J12: CASAS BAHIA - CNPJ: 59.291.534/0001-67 | K12: 44896 | L12: =(E12+G12+I12)/3 -> 53.543333
A13: C.7 | B13: ROLETE DE PAPEL HIGIÊNICO | C13: UNIDADE | D13: 1 | E13: 5.95 | F13: MARCHIO - CNPJ: 2143842100025 | G13: 5.9 | H13: SHOPEE - CNPJ: 35.635.824/0001-1 | I13: 4.9 | J13: MAGAZINE LUIZA - CNPJ: 47960950000121 | K13: 44896 | L13: =(E13+G13+I13)/3 -> 5.5833333
A14: C.8 | B14: 'RESERVATÓRIO TIPO TUBULAR | C14: UNIDADE | D14: 1 | E14: 85519 | F14: AGROCAIXAS - CNPJ: 57.800.757/0001-87 | G14: 91465 | H14: MUNDIAL CAIXAS DAGUA - CNPJ: 03113840/000159 | I14: 82220.6 | J14: NET CAIXAS DAGUA - CNPJ: 11.515.169/0001-09 | K14: 44896 | L14: =(E14+G14+I14)/3 -> 86401.533
A15: C.9 | B15: QUADRO EMB. TRIF DIN 70 CIRC 225A | C15: UNIDADE | D15: 1 | E15: 2520 | F15: LEDS M ATERIAS E LÉTRICOS - CNPJ: 08.287.673/0001-86 | G15: 2679.3 | H15: ARTE LUZ MATERIAL DE CONSTRUCAO LTDA - CNPJ: 30.590.208/0001-79 | K15: 44896 | L15: =(E15+G15+I15)/2 -> 2599.65
A16: C.10 | B16: PRESOSTATO LF5516-03W | C16: UNIDADE | D16: 1 | E16: 250.88 | F16: SHOPEE - CNPJ: 35.635.824/0001-12 | G16: 179.9 | H16: LOJA DO MECÂNICO - CNPJ: 05.478.489/0001-25 | I16: 253.55 | J16: AMERICANAS S.A. CNPJ: 00776574000156 | K16: 44896 | L16: =(E16+G16+I16)/3 -> 228.11
A17: C.11 | B17: MANOMETRO 0-10 BAR 63MM 1/4 NPT | C17: UNIDADE | D17: 1 | E17: 90 | F17: SHOPEE - CNPJ: 35.635.824/0001-12 | G17: 80 | H17: AUTOMOÇÃO 24H - CNPJ: 18.538.712/0001-24 | I17: 76.25 | J17: MADEIRA MADEIRA - 0800 080 0099 - CNPJ: 10.490.181/0001-35 | K17: 44896 | L17: =(E17+G17+I17)/3 -> 82.083333
B20: CARLOS RAPHAEL MONTEIRO DE LEMOS
B21: Engenheiro Civil- CREA-ES 011840/D
B22: ML PROJETOS EIRELI
